Cogmind - Beta 9.6 @@@ ROGUE MODE // 2020.04.17 @ 21:29:52 Player: Valguris Result: Establishing 0b11! Performance ------------- Evolutions (9) 4500 Regions Visited (38) 7600 Robots Destroyed (888) 4440 Value Destroyed (52374) 52374 Prototype IDs (124) 2480 Alien Tech Used (12) 2400 Bonus (50136) 50136 TOTAL SCORE: 123930 Bonus ------- High Alert Combat Kills 14959 Follower Combat Kills 4269 Entered Garrisons 1800 Used RIF Installer 4500 Network Hubs Disabled 800 Built Enhanced Grunts 300 A7 Reached Mainframe 300 Met R17 at Cetus 500 Met R17 at Research 2000 Scanned by Researcher 500 Destroyed MAIN.C Guards 500 Met MAIN.C 5000 Hacked MAIN.C 300 Destroyed MAIN.C Shell 5000 Destroyed MAIN.C 10000 Met Architect 300 Destroyed A8 300 Destroyed A6 400 Destroyed A5 500 Win 3000 Friendly Fire -5092 Cogmind --------- Core Integrity 12/1600 Matter 504/800 Energy 299/350 System Corruption 0% Temperature Cool (6) Movement Treading (160) Ox1 Location 0b11 Command Parts ------- > --- POWER (3) -------- (None) > --- PROPULSION (3) --- Advanced Medium Treads Experimental Biometal Heavy Treads > --- UTILITY (17) ----- High-capacity Storage Unit High-capacity Storage Unit High-capacity Storage Unit Experimental Matter Compressor Experimental Targeting Computer Experimental Targeting Computer Experimental Targeting Computer Experimental Target Analyzer Experimental Core Analyzer Advanced Armor Integrity Analyzer Advanced Weapon Cycler Heavy Regenerative Plating Heavy Regenerative Plating Improved Energy Mantle > --- WEAPON (2) ------- Graviton Cannon Graviton Cannon > --- INVENTORY (28) --- Advanced Heavy Treads High-density Centrium Wheel Desublimator Experimental Cooling System Experimental Coolant Injector Experimental Coolant Injector Layered Medium Armor Plating Experimental Powered Armor Experimental Powered Armor Experimental Focal Shield Experimental Thermal Shield EM Dispersion Field Compact HERF Cannon EMDS Core Cannon Hypervelocity Linear Accelerator Hypervelocity Linear Accelerator Experimental Remote Datajack Core Stripper Peak State ------------ > --- POWER ------------ Zero-point Reactor Vortex Chain Reactor > --- PROPULSION ------- Experimental Biometal Heavy Treads Centrium Wheel > --- UTILITY ---------- Experimental Cooling System High-capacity Storage Unit High-capacity Storage Unit High-capacity Storage Unit High-capacity Storage Unit High-capacity Storage Unit Experimental Targeting Computer Experimental Target Analyzer Experimental Core Analyzer Advanced Armor Integrity Analyzer Precision Energy Filter Advanced Weapon Cycler Experimental Powered Armor Heavy Regenerative Plating Thermal Barrier AEGIS Remote Shield > --- WEAPON ----------- Improved Potential Cannon > --- INVENTORY -------- Improved Quantum Reactor Biometal Heavy Treads Centrium Wheel Centrium Wheel High-density Centrium Wheel High-density Centrium Wheel Experimental Cooling System Experimental Coolant Injector Experimental Coolant Injector Experimental Energy Well Experimental Energy Well Experimental Matter Compressor Experimental Targeting Computer Advanced Weapon Cycler Experimental Weapon Shielding Heavy Regenerative Plating Experimental Focal Shield EM Dispersion Field EM Dispersion Field Relay Coupler [Sentry] Transdimensional Reconstructor High-powered Transdimensional Reconstructor Core Regenerator Integrity Redistributor Compact HERF Cannon EMDS EMDS EMDS Enhanced Nova Cannon Enhanced Nova Cannon Improved Potential Cannon Core Cannon Graviton Cannon Graviton Cannon Experimental Remote Datajack Core Stripper [Rating: 232] Favorites ----------- Power Quantum Reactor Engine F-cell Engine Power Core Micro Fission Core Reactor Quantum Reactor Propulsion Wheel Treads Light Treads Leg Aluminum Leg Wheel Wheel Utility High-capacity Storage Unit Device Advanced Cooling System Storage High-capacity Storage Unit Processor Experimental Targeting Computer Hackware Relay Coupler [C] Protection Damper Plating Weapon EMDS Energy Gun Gatling Laser Energy Cannon EMDS Ballistic Gun Assault Rifle Ballistic Cannon Bore Cannon Launcher Advanced EMP Blaster Special Weapon Advanced Remote Datajack Impact Weapon Core Stripper Slashing Weapon Axe Special Melee Weapon Datajack Build | -11 -10 -10 -9 -9 -9 -9 -7 -7 -7 -7 -6 -6 -6 -6 -5 -5 -5 -5 -5 -5 -5 -5 -5 -5 -4 -4 -4 -4 -3 -3 -3 -2 -2 -2 -2 -1 -1 -1 ------- Run | Scr Mat Min Mat Sto Gar Rec Fac Was Fac Gar Fac Gar Fac Gar Fac Was Fac Gar Fac Ext Cet Arc Hub Gar Fac Was Fac Gar Res Tes Gar Res Qua Sec Gar Acc Com Ac0 Slots Evolved 18 | . . . 2 . . . 4 . . . 2 . . . 2 . . . . . . . . . 2 . . . 2 . . 2 . . . 2 . . Power 2 | . . . . . . . . . . . . . . . 1 . . . . . . . . . . . . . . . . . . . . 1 . . Propulsion 1 | . . . . . . . . . . . . . . . . . . . . . . . . . . . . . . . . . . . . 1 . . Utility 15 | . . . 2 . . . 4 . . . 2 . . . 1 . . . . . . . . . 2 . . . 2 . . 2 . . . . . . Weapon . | . . . . . . . . . . . . . . . . . . . . . . . . . . . . . . . . . . . . . . . Parts Attached 998 | 8 5 . 20 14 6 1 59 18 14 11 6 18 9 3 11 14 11 32 36 27 18 4 41 1 18 8 24 7 11 40 7 71 30 106 20 71 106 92 Power 49 | 1 1 . 2 . 1 . 2 1 . . . . . 1 1 2 . . . 3 . . 4 . . . 1 . . 1 1 6 2 1 . 3 4 11 Engine 9 | 1 1 . 2 . 1 . 2 . . . . . . 1 . 1 . . . . . . . . . . . . . . . . . . . . . . Core 1 | . . . . . . . . . . . . . . . . . . . . 1 . . . . . . . . . . . . . . . . . . Reactor 39 | . . . . . . . . 1 . . . . . . 1 1 . . . 2 . . 4 . . . 1 . . 1 1 6 2 1 . 3 4 11 Propulsion 65 | 2 . . 7 4 . . 6 3 1 3 1 2 1 . . . . 2 6 . 2 . 4 . 1 . . . . . . 2 3 1 . 1 3 10 Treads 26 | 2 . . 3 4 . . 3 1 . 2 . 1 . . . . . . . . 1 . 2 . . . . . . . . . 1 1 . . 2 3 Leg 6 | . . . 4 . . . . . . 1 . 1 . . . . . . . . . . . . . . . . . . . . . . . . . . Wheel 33 | . . . . . . . 3 2 1 . 1 . 1 . . . . 2 6 . 1 . 2 . 1 . . . . . . 2 2 . . 1 1 7 Hover . | . . . . . . . . . . . . . . . . . . . . . . . . . . . . . . . . . . . . . . . Flight . | . . . . . . . . . . . . . . . . . . . . . . . . . . . . . . . . . . . . . . . Utility 320 | 2 2 . 4 4 1 . 21 6 . 1 5 3 1 . 2 6 7 5 6 . 2 . 10 . 7 5 6 . 7 11 1 24 15 41 9 26 45 35 Device 178 | . . . 1 2 . . 6 3 . . 1 . . . . 4 6 3 3 . 1 . 5 . 4 3 5 . 5 6 . 11 8 33 5 14 31 18 Storage 30 | 2 2 . . . . . 1 1 . . 4 1 1 . 1 . 1 1 2 . . . . . 1 . . . 1 . 1 2 3 1 1 . . 3 Processor 13 | . . . . . . . 1 . . . . . . . 1 . . 1 . . . . 1 . 1 . . . 1 2 . . . . . . 2 3 Hackware 26 | . . . . . . . 2 1 . . . . . . . . . . . . . . 2 . . . 1 . . 2 . 4 1 1 2 3 7 . Protection 73 | . . . 3 2 1 . 11 1 . 1 . 2 . . . 2 . . 1 . 1 . 2 . 1 2 . . . 1 . 7 3 6 1 9 5 11 Artifact . | . . . . . . . . . . . . . . . . . . . . . . . . . . . . . . . . . . . . . . . Weapon 564 | 3 2 . 7 6 4 1 30 8 13 7 . 13 7 2 8 6 4 25 24 24 14 4 23 1 10 3 17 7 4 28 5 39 10 63 11 41 54 36 Energy Gun 17 | 2 . . 1 1 . . 5 4 3 . . . . . . . . . . . . . . . . . . . . . . 1 . . . . . . Energy Cannon 331 | . . . 2 4 2 . 8 2 5 4 . 6 5 . 5 4 4 11 16 15 5 4 11 1 9 1 13 7 2 21 4 32 6 34 8 28 21 31 Ballistic Gun 13 | 1 2 . 3 . . . 6 . . . . . . . . . . . . . 1 . . . . . . . . . . . . . . . . . Ballistic Cannon 34 | . . . . . . . 5 . . . . . . . . 2 . . . . 2 . 5 . . 2 . . . 1 . . . . . . 13 4 Launcher 74 | . . . 1 . 2 . 3 1 5 2 . 6 1 2 1 . . 9 7 7 6 . 4 . . . 3 . 1 2 1 4 . 1 1 2 1 1 Special Weapon 80 | . . . . 1 . . . . . . . 1 1 . 2 . . 3 1 2 . . 2 . 1 . 1 . 1 4 . 2 3 24 2 11 18 . Impact Weapon 6 | . . . . . . . . . . . . . . . . . . . . . . . . . . . . . . . . . 1 4 . . 1 . Slashing Weapon 3 | . . . . . . . . . . . . . . . . . . 2 . . . . 1 . . . . . . . . . . . . . . . Piercing Weapon . | . . . . . . . . . . . . . . . . . . . . . . . . . . . . . . . . . . . . . . . Special Melee Weapon 6 | . . . . . . 1 3 1 . 1 . . . . . . . . . . . . . . . . . . . . . . . . . . . . Unidentified Prototypes 44 | . . . . 2 . . 1 . 2 . . . 1 . . 1 1 . . . 3 . 4 . 1 . 2 . 2 3 . 1 5 2 . . 9 4 Parts Lost 112 | . 1 . 8 . . . 15 1 4 1 . 2 . . . . . 2 2 2 1 . 4 . . . 1 . . 1 1 14 8 2 . 2 6 34 Power 20 | . 1 . 1 . . . 1 . . . . . . . . . . . . 1 . . . . . . . . . . . 3 1 . . 1 1 10 Propulsion 22 | . . . 3 . . . 5 . 1 . . 1 . . . . . 2 1 . . . . . . . . . . . . 2 1 . . . 2 4 Utility 49 | . . . 1 . . . 6 1 1 . . 1 . . . . . . 1 . . . 2 . . . 1 . . 1 1 8 5 2 . 1 3 14 Weapon 21 | . . . 3 . . . 3 . 2 1 . . . . . . . . . 1 1 . 2 . . . . . . . . 1 1 . . . . 6 Highest Loss Streak 6 | . 1 . 5 . . . 5 1 2 1 . 2 . . . . . 1 1 1 1 . 2 . . . 1 . . 1 1 4 5 1 . 2 3 6 Average Slot Usage (%) 84 | . 99 100 98 98 99 100 95 95 91 81 86 85 85 86 84 87 87 87 87 88 82 82 81 75 74 76 73 72 72 75 75 76 82 78 77 78 84 85 Engine 2 | . 13 14 10 11 10 11 7 . . . . . . 5 5 5 5 5 5 5 5 5 3 . . . . . . . . . . . . . . . Reactor 6 | . . . . . . . . 6 7 7 6 6 6 . 4 5 5 5 5 5 5 5 7 11 10 10 10 10 9 8 9 7 7 4 4 7 8 8 Treads 3 | . 28 28 5 21 22 22 8 3 6 4 5 . . . . . . . . . . . . . . . . . . . . . . 4 4 4 4 . Wheel 5 | . . . . . . . 6 8 . 7 6 11 12 13 11 11 11 10 10 11 6 5 4 5 5 5 5 5 4 4 4 3 3 . . 3 3 10 Device 14 | . . . 10 10 11 11 14 8 7 7 13 12 6 6 5 10 11 16 17 17 17 17 11 11 14 16 19 21 23 19 16 13 11 18 16 9 18 10 Storage 22 | . 28 28 22 22 22 22 21 27 30 23 26 26 26 26 23 23 23 23 23 23 23 23 23 23 21 21 21 21 19 19 21 20 22 21 21 20 20 19 Processor 6 | . . . . . . . 2 . . . . . . . 2 5 5 5 5 5 5 5 7 11 10 8 5 5 4 9 9 8 8 8 8 8 10 20 Hackware 5 | . . . . . . . 3 14 15 7 6 6 6 6 5 5 4 . . . . . 2 . . . 1 . . 3 4 11 16 9 8 15 8 . Protection 6 | . . . 10 10 11 11 14 8 6 6 6 6 13 13 11 5 5 5 5 5 5 5 5 5 6 5 5 5 4 4 4 3 4 4 7 7 6 9 Energy Cannon 5 | . . . 6 7 21 19 5 5 6 10 13 8 12 2 6 1 11 8 10 8 3 11 6 4 4 . 5 4 4 3 3 3 2 2 3 3 3 3 Naked Turns . | . . . . . . . . . . . . . . . . . . . . . . . . . . . . . . . . . . . . . . . Heaviest Build 287 | 14 39 39 51 53 53 53 121 119 100 117 151 178 179 179 192 195 194 194 209 209 209 209 221 221 242 250 256 256 261 258 255 258 249 262 259 277 287 267 Greatest Support 115 | 40 40 40 40 40 40 40 40 70 70 10 20 20 20 20 20 20 20 20 24 24 28 28 28 28 28 28 28 28 28 28 28 28 90 90 90 90 90 115 Greatest Overweight (x) 24 | 1 . . 2 1 1 1 6 8 7 11 15 17 17 8 9 9 9 9 10 8 8 7 7 7 8 8 9 9 9 9 9 24 9 2 2 3 3 6 Average Overweight (x) 5 | . . . 1 1 1 1 2 2 1 10 12 8 8 8 8 9 9 9 9 8 7 7 6 7 8 8 8 8 8 8 8 7 7 2 2 2 2 3 Largest Inventory Capacity 44 | 8 16 16 16 16 16 16 20 24 24 24 32 32 32 32 38 32 32 32 40 34 34 34 34 34 36 36 36 36 36 36 36 36 44 44 44 44 44 44 Average Capacity 34 | 6 9 16 16 16 16 16 19 22 24 20 25 29 32 32 32 32 32 32 33 34 34 34 34 34 35 36 36 36 36 36 36 35 43 44 44 44 44 36 Most Carried 44 | 6 13 13 16 16 16 16 20 24 24 22 28 32 32 32 32 32 32 32 34 34 34 34 34 34 36 36 36 36 36 36 36 36 44 44 44 44 44 43 Average Carried 33 | 4 7 13 13 15 15 16 18 22 23 19 22 28 31 31 31 31 31 31 32 32 33 33 33 33 34 35 35 35 35 35 35 32 40 43 43 43 42 32 Final Capacity 44 | 8 16 16 16 16 16 16 20 24 24 20 28 32 32 32 32 32 32 32 34 34 34 34 34 34 36 36 36 36 36 36 36 36 44 44 44 44 44 28 Final Carried 44 | 6 13 13 16 16 16 16 20 24 22 20 28 32 32 32 32 31 32 32 33 34 33 34 34 34 36 36 36 36 36 36 36 35 44 44 44 44 43 23 Class Distribution -------------------- 55% | Botlord-Mutant 16% | Bothacker-Mutant 11% | Scavenger-Mutant 9% | Generator-Mutant 4% | Mutant Dominant Class ---------------- Mutant | -10/Materials Mutant | -10/Mines Scavenger-Mutant | -9/Materials Mutant | -9/Storage Scavenger-Mutant | -9/Garrison Bothacker-Mutant | -9/Recycling Scavenger-Mutant | -7/Factory Scavenger-Mutant | -7/Waste Bothacker-Mutant | -7/Factory Bothacker-Mutant | -7/Garrison Scavenger-Mutant | -6/Factory Scavenger-Mutant | -6/Garrison Bothacker-Mutant | -6/Factory Bothacker-Mutant | -6/Garrison Bothacker-Mutant | -5/Factory Bothacker-Mutant | -5/Waste Bothacker-Mutant | -5/Factory Bothacker-Mutant | -5/Garrison Botlord-Mutant | -5/Factory Botlord-Mutant | -5/Extension Botlord-Mutant | -5/Cetus Botlord-Mutant | -5/Archives Botlord-Mutant | -5/Hub_04(d) Botlord-Mutant | -5/Garrison Botlord-Mutant | -4/Factory Botlord-Mutant | -4/Waste Botlord-Mutant | -4/Factory Botlord-Mutant | -4/Garrison Botlord-Mutant | -3/Research Botlord-Mutant | -3/Testing Botlord-Mutant | -3/Garrison Botlord-Mutant | -2/Research Botlord-Mutant | -2/Quarantine Botlord-Mutant | -2/Section 7 Botlord-Mutant | -2/Garrison Botlord-Mutant | -1/Access Generator-Mutant | -1/Command Scavenger-Mutant | -1/Access_0 Resources | -11 -10 -10 -9 -9 -9 -9 -7 -7 -7 -7 -6 -6 -6 -6 -5 -5 -5 -5 -5 -5 -5 -5 -5 -5 -4 -4 -4 -4 -3 -3 -3 -2 -2 -2 -2 -1 -1 -1 ----------- Run | Scr Mat Min Mat Sto Gar Rec Fac Was Fac Gar Fac Gar Fac Gar Fac Was Fac Gar Fac Ext Cet Arc Hub Gar Fac Was Fac Gar Res Tes Gar Res Qua Sec Gar Acc Com Ac0 Matter Collected 28035 | 236 293 . 373 396 71 . 893 190 193 235 60 369 105 68 167 439 176 539 456 554 276 40 1399 284 467 402 1061 386 564 1312 760 3180 1021 3397 1292 1884 2809 1688 Remotely . | . . . . . . . . . . . . . . . . . . . . . . . . . . . . . . . . . . . . . . . Salvage Created 53909 | 77 566 . 469 740 328 14 1629 1315 676 1082 96 1213 579 507 456 1511 432 1815 2214 1901 809 232 1708 537 811 1577 1808 1078 697 2421 1196 5665 1784 4127 1661 4293 3896 1989 Parts 2052 | 3 21 . 48 45 16 1 78 18 54 27 6 38 27 26 32 17 12 65 95 67 30 11 91 17 34 35 58 42 18 88 44 211 51 147 70 188 130 91 Haulers Intercepted 15 | . . . . 5 . . 1 . 2 . . . 1 . . . 1 . . . . . 1 . . . 1 . . 2 . . . . . 1 . . Recyclers Shooed 17 | . . . 1 . . . 5 . . . . . 2 . 2 . . . 1 . . . . . . . . . . . . 3 1 . . 2 . . Parts Field Recycled . | . . . . . . . . . . . . . . . . . . . . . . . . . . . . . . . . . . . . . . . Retrieved Matter . | . . . . . . . . . . . . . . . . . . . . . . . . . . . . . . . . . . . . . . . Parts Self-Destructed . | . . . . . . . . . . . . . . . . . . . . . . . . . . . . . . . . . . . . . . . Prevented . | . . . . . . . . . . . . . . . . . . . . . . . . . . . . . . . . . . . . . . . Kills | -11 -10 -10 -9 -9 -9 -9 -7 -7 -7 -7 -6 -6 -6 -6 -5 -5 -5 -5 -5 -5 -5 -5 -5 -5 -4 -4 -4 -4 -3 -3 -3 -2 -2 -2 -2 -1 -1 -1 ------- Run | Scr Mat Min Mat Sto Gar Rec Fac Was Fac Gar Fac Gar Fac Gar Fac Was Fac Gar Fac Ext Cet Arc Hub Gar Fac Was Fac Gar Res Tes Gar Res Qua Sec Gar Acc Com Ac0 Combat Hostiles Destroyed 703 | . 11 . 19 9 10 1 26 5 21 14 1 20 3 10 8 6 4 21 33 21 15 2 27 9 12 6 28 13 9 29 17 82 15 49 22 54 47 24 Melee 1 | . . . . . . . . . . . . . . . . . . . . . . . . . . . . . . . . 1 . . . . . . Guns 36 | . 11 . 9 4 . . 7 2 3 . . . . . . . . . . . . . . . . . . . . . . . . . . . . . Cannons 310 | . . . 6 5 7 1 8 3 5 3 1 6 3 . 1 6 3 6 10 9 1 1 15 5 8 6 10 8 5 12 8 45 8 23 8 29 28 7 AOE 162 | . . . 4 . 3 . 8 . 12 8 . 8 . 8 5 . . 5 17 9 7 . 10 . . . 8 . . 3 2 18 . 7 3 8 5 4 Classes Destroyed 26 | 1 3 . 3 1 . 1 4 1 1 1 1 . 1 . . . . 1 . 1 . . . . . . . . . . . 1 3 2 . . . . Worker 41 | . 1 . 1 . . . 10 . . . 1 . 2 . 2 . . . 3 . . . 1 . . . 2 . . 2 . 6 2 . . 7 1 . Builder 34 | . . . 1 1 . . 2 . 3 . . . . . 3 . . . 7 2 . . 4 . . . 1 . . 1 . 4 2 . . 3 . . Tunneler 7 | . . . . . . . . . . . 1 . . . . . . . 2 1 . . 1 . . . 2 . . . . . . . . . . . Hauler 15 | . . . . 5 . . 1 . 2 . . . 1 . . . 1 . . . . . 1 . . . 1 . . 2 . . . . . 1 . . Recycler 18 | 1 . . . . . . 5 . . . . . 1 . . . . . . 2 . . . . . . . . . 2 . 4 . 1 . 1 1 . Carrier 1 | . . . . . . . . . . . . . . . . . . . . . . . . . . . . . . . . . . 1 . . . . Mechanic 5 | . . . . . . . . . . . . . 1 . 1 . . . 1 . . . . . . . . . . . . . . 1 . . 1 . Operator 6 | . . . . . . . . . . . . . . . . . . . . 1 . 1 . . 1 . . . . . . 1 1 1 . . . . Drone 1 | . . . . . . 1 . . . . . . . . . . . . . . . . . . . . . . . . . . . . . . . . Watcher 36 | . 2 . 1 . . . . . 1 . . . . . 2 . 1 . 1 . 2 . 1 . 3 . 4 1 . 1 . 4 1 4 . 4 3 . Swarmer 146 | . . . 13 . 4 . 5 . 14 . . 2 . 4 5 . . 7 9 4 7 . 8 . 5 . 9 . . 3 4 26 . 4 3 8 2 . Saboteur 2 | . . . . . . . . . . . . . . . . . . . . . . . . . . . . . . . . 2 . . . . . . Grunt 206 | . 11 . 4 4 8 . 11 . 4 9 . 13 1 3 . . . 7 17 8 . . 3 8 1 . 4 7 4 8 7 22 5 9 7 16 5 . Brawler 20 | . . . . . . . 2 . 1 1 . . . . . . . 1 . 4 . . . . . . 1 . . 1 1 4 . 1 . 3 . . Duelist 20 | . . . . . . . . . . 1 . 2 1 . . . . . 3 1 . . . . . . 2 . 1 1 1 2 2 . . 3 . . Protector 5 | . . . . . . . 1 . . . . . . . . . . . . . . . 1 . . . . . . . . 1 . . . 2 . . Researcher 2 | . . . . . . . . . . . . . . . . . . . . . . . . . . . . . . . . . 2 . . . . . Sentry 62 | . . . 2 5 . . 3 . . 1 1 1 1 . 2 . 2 . 1 3 . 2 1 . 4 . 4 2 4 . 2 5 . 9 6 1 . . Demolisher 3 | . . . . . . . 1 . . . . . . . . . . . . . . . . . . . . . . . . . . . . . 2 . Hunter 62 | . . . . . . . . . 1 . . 2 1 3 1 . . 4 4 . . . . 1 . . 4 . . 4 . 4 . 10 2 9 12 . Programmer 97 | . . . . . . . 3 . 1 2 . . . . . . 2 1 1 . 1 . 2 . 2 . 4 3 . 12 1 13 5 8 3 13 20 . Q-Series 5 | . . . . . . . . . . . . . . . . . . . . . . . . . . . . . . . . . 2 3 . . . . Behemoth 9 | . . . . . . . . . . . . . . . . . . 1 . . . . . . . . . 1 . . 1 3 . 1 1 . 1 . Compactor 17 | . . . . . . . . 5 . . . . . . . 6 . . . . . . . . . 6 . . . . . . . . . . . . Cetus Guard 7 | . . . . . . . . . . . . . . . . . . . . . 7 . . . . . . . . . . . . . . . . . S7 Guard 2 | . . . . . . . . . . . . . . . . . . . . . . . . . . . . . . . . . . 2 . . . . M Guard 2 | . . . . . . . . . . . . . . . . . . . . . . . . . . . . . . . . . . . . . 2 . Enhanced Grunt 13 | . . . . . . . . . . . . . . . . . . . . . . . . . . . . . . . . . . . . . . 13 Enhanced Sentry 2 | . . . . . . . . . . . . . . . . . . . . . . . . . . . . . . . . . . . . . . 2 Enhanced Hunter 6 | . . . . . . . . . . . . . . . . . . . . . . . . . . . . . . . . . . . . . . 6 Lightning 12 | . . . . . . . . . . . . . . . . . . . . . . . 12 . . . . . . . . . . . . . . . Combat Programmer 2 | . . . . . . . . . . . . . . . . . . . . . . . . . . . . . . . . . . . . . 2 . Executioner 2 | . . . . . . . . . . . . . . . . . . . . . . . . . . . . . . . . . . 2 . . . . Fortress 1 | . . . . . . . . . . . . . . . . . . . . . . . . . . . . . . . . . 1 . . . . . Wasp 1 | . . . . . . . . . 1 . . . . . . . . . . . . . . . . . . . . . . . . . . . . . Thug 6 | . . . . . . . . . 1 . . . . . . . . . . 2 1 . 1 . . . 1 . . . . . . . . . . . Savage 1 | . . . . . . . . . . . . . . . . . . . . 1 . . . . . . . . . . . . . . . . . . Butcher 3 | . . . . . . . . . . . . . . . . . . . . 3 . . . . . . . . . . . . . . . . . . Martyr 4 | . . . . . . . . 2 . . . . . . . . . . . . . . . . . 2 . . . . . . . . . . . . Best Kill Streak 20 | 1 3 . 10 3 3 1 6 1 10 4 2 4 2 7 10 5 2 4 20 4 10 2 13 8 6 3 8 4 3 4 10 19 8 15 9 18 4 3 Combat Bots Only 17 | . 3 . 10 2 3 1 3 1 7 4 1 4 1 7 5 5 2 4 12 4 9 2 10 8 5 3 5 3 3 4 10 17 6 9 9 10 4 3 Max Kills in Single Turn 6 | 1 1 . 3 1 4 1 3 1 3 2 1 3 1 3 4 1 1 3 6 3 4 1 5 1 1 1 5 2 2 3 2 4 2 3 3 3 2 2 Gunslinging . | . . . . . . . . . . . . . . . . . . . . . . . . . . . . . . . . . . . . . . . Exploded 4 | . . . 3 . 3 . 2 . 3 2 . 3 . 3 2 . . 3 3 3 4 . 4 . . . 4 . . 3 2 4 . 2 3 3 2 2 Melee 1 | . . . . . . . . . . . . . . . . . . . . . . . . . . . . . . . . 1 . . . . . . Uniques/NPCs Destroyed 4 | . . . . . . . . . . . . . . . . . . . . . . . . . . . . . . . . . . . . . 1 3 MAIN.C Shell (-1/Command) MAIN.C (-1/Command) A8 (-1/Access_0) A6 (-1/Access_0) A5 (-1/Access_0) Combat | -11 -10 -10 -9 -9 -9 -9 -7 -7 -7 -7 -6 -6 -6 -6 -5 -5 -5 -5 -5 -5 -5 -5 -5 -5 -4 -4 -4 -4 -3 -3 -3 -2 -2 -2 -2 -1 -1 -1 -------- Run | Scr Mat Min Mat Sto Gar Rec Fac Was Fac Gar Fac Gar Fac Gar Fac Was Fac Gar Fac Ext Cet Arc Hub Gar Fac Was Fac Gar Res Tes Gar Res Qua Sec Gar Acc Com Ac0 Damage Taken 38045 | . 503 . 1093 480 269 . 2796 119 1095 698 65 784 203 148 259 . 167 655 1304 1053 121 99 1257 113 129 . 934 94 91 408 113 4639 2366 1801 621 1231 2010 10327 Core 3412 | . 91 . 147 71 43 . 240 . 42 28 8 20 . . 12 . 23 54 189 . . . 49 8 16 . 56 . . 17 . 353 129 120 39 59 140 1458 Absorbed by Shields 10475 | . . . . . . . . . . . . . . 10 . . . 166 . . 50 . . 64 . . . 103 95 418 116 1075 3 1476 658 1237 1325 3679 Reduced by Siege Mode 5 | . . . . . . . . . . . . . . . . . . . . . . . 5 . . . . . . . . . . . . . . . Core Remaining (%) 63 | 100 . 63 . . . 34 . . . 55 . . . 96 . . . . . . . . . 66 . . . 93 . . 98 . . . 25 . . . Volleys Fired 2558 | 7 41 . 46 47 21 11 109 92 48 31 4 66 26 11 17 33 21 49 56 81 16 9 85 16 47 20 71 43 18 132 50 273 80 270 63 152 194 202 Largest 2 | 2 2 . 2 2 2 2 2 2 2 2 2 2 2 2 2 2 2 2 2 2 2 2 2 1 1 2 1 1 1 1 1 2 1 1 1 1 2 2 Hottest 300 | 60 60 . 83 136 136 136 160 160 156 72 60 138 144 72 150 114 196 196 196 196 196 196 162 70 98 132 98 98 70 113 113 225 120 200 120 300 200 240 Shots Fired 3364 | 14 81 . 90 87 38 22 181 182 87 56 8 96 48 22 25 53 44 87 100 131 25 18 136 16 47 37 71 44 18 132 50 277 83 266 64 152 247 229 Gun 448 | 14 81 . 67 64 . . 71 125 26 . . . . . . . . . . . . . . . . . . . . . . . . . . . . . Cannon 2583 | . . . 21 16 37 22 101 56 52 34 8 65 47 . 21 53 44 59 75 100 8 18 123 16 46 37 66 44 16 126 50 260 70 250 63 135 215 229 Launcher 200 | . . . 2 . 1 . 9 1 9 22 . 22 . 22 4 . . 22 24 13 17 . 8 . . . 3 . . 1 . 11 . 2 1 6 . . Special 133 | . . . . 7 . . . . . . . 9 1 . . . . 6 1 18 . . 5 . 1 . 2 . 2 5 . 6 13 14 . 11 32 . Kinetic 503 | 7 61 . 62 64 . . 61 . . . . . . . . 42 . . . . 1 . 78 . . 34 . . . . . . . . . . 62 31 Thermal 1254 | 7 20 . 26 23 37 22 83 135 78 34 8 34 21 . . 11 18 8 12 19 7 2 17 . 17 . 17 14 . 75 6 51 40 132 11 58 88 123 Explosive 63 | . . . 2 . 1 . 6 1 9 . . 2 . . 4 . . 2 2 2 1 . 7 . . . 3 . . 1 . 11 . 2 1 6 . . Electromagnetic 1418 | . . . . . . . 31 46 . 22 . 51 26 22 21 . 26 71 85 92 16 16 29 16 29 3 49 30 16 51 44 209 30 118 52 77 65 75 Robot Hit Streak 48 | 2 11 . 11 9 11 1 22 25 10 9 1 20 7 1 7 6 10 15 10 26 6 5 12 12 20 13 11 16 18 18 16 24 19 48 30 23 23 15 Robot Miss Streak 11 | 2 2 . 2 2 2 10 11 5 2 1 2 3 3 2 2 6 3 2 9 10 3 2 5 . 1 2 4 1 1 3 1 3 2 2 1 2 3 3 Penetration Max 1 | . . . . . . . . . . . . . . . . . . . . . . . 1 1 . 1 1 1 1 1 1 1 1 1 . 1 1 1 Secondary Targets 7 | . 3 . 2 . . . 1 . 1 . . . . . . . . . . . . . . . . . . . . . . . . . . . . . Max Gunslinging Chain 1 | . 1 . 1 . . . 1 . 1 . . . . . . . . . . . . . . . . . . . . . . . . . . . . . Capacitor 939 | . . . . . . . . . . . . . . . . . . . . . . . . . 30 3 66 44 16 126 50 60 70 245 63 135 31 . Shots Hit Robots 2323 | 7 59 . 63 51 19 19 150 158 54 36 2 59 29 2 17 18 27 78 48 87 3 12 72 12 26 28 46 33 15 102 27 172 65 202 54 118 179 174 Core Hits 1279 | 2 30 . 29 22 13 1 91 41 45 22 3 33 15 14 27 9 6 35 74 53 28 6 62 5 12 10 42 14 8 45 15 119 25 64 27 67 57 108 Critical Hits 384 | 1 . . . 3 3 . 2 1 . . . 1 . . . 18 . 1 2 1 . 1 22 3 4 19 9 3 5 10 7 67 23 47 15 27 37 52 Critical Kills 106 | . . . . 1 1 . 1 . . . . . . . . 6 . . . . . 1 12 1 2 7 4 2 2 3 2 14 3 9 5 14 10 6 Critical Parts Destroyed 181 | . . . . 1 2 . 1 . . . . 1 . . . 3 . . 2 . . . 10 2 2 3 5 1 2 7 2 33 19 22 5 12 22 24 Melee Attacks 61 | . . . . . . 16 5 3 . 2 . . . . . . . 17 . . . . 5 . . . . . . . . . 6 2 . . 5 . Kinetic 13 | . . . . . . . . . . . . . . . . . . . . . . . . . . . . . . . . . 6 2 . . 5 . Impact . | . . . . . . . . . . . . . . . . . . . . . . . . . . . . . . . . . . . . . . . Slashing 22 | . . . . . . . . . . . . . . . . . . 17 . . . . 5 . . . . . . . . . . . . . . . Piercing . | . . . . . . . . . . . . . . . . . . . . . . . . . . . . . . . . . . . . . . . Sneak Attacks 18 | . . . . . . 16 1 . . . . . . . . . . . . . . . 1 . . . . . . . . . . . . . . . Combat Hostiles . | . . . . . . . . . . . . . . . . . . . . . . . . . . . . . . . . . . . . . . . Follow-up Attacks . | . . . . . . . . . . . . . . . . . . . . . . . . . . . . . . . . . . . . . . . Damage Inflicted 132703 | 76 738 . 1265 898 645 62 4780 3395 2672 2037 162 2571 874 710 1134 672 863 4169 4955 3786 2159 382 3218 783 1516 671 4003 2094 871 5397 1709 13503 3461 10584 2739 7980 12036 23133 Guns 5901 | 76 734 . 573 634 . . 1253 2192 439 . . . . . . . . . . . . . . . . . . . . . . . . . . . . . Cannons 87588 | . . . 340 264 389 61 1714 1026 1013 750 162 1131 874 . 484 672 798 1253 1470 2504 79 382 1709 731 1516 671 3395 2094 871 4998 1536 9277 3284 9243 2326 6566 9990 14015 Explosions 37242 | . . . 352 . 256 . 1805 177 1213 1287 . 1440 . 710 650 . 65 1363 3485 1282 2080 . 1360 52 . . 582 . . 399 173 4226 . 1341 413 1414 1999 9118 Melee 1926 | . . . . . . . . . . . . . . . . . . 1553 . . . . 149 . . . . . . . . . 177 . . . 47 . Ramming 46 | . 4 . . . . 1 8 . 7 . . . . . . . . . . . . . . . . . 26 . . . . . . . . . . . Kinetic 8413 | 65 588 . 501 634 . . 998 . . . . . . . . 672 . . . . . . 792 . . 523 . . . . . . 177 . . . 2676 787 Thermal 58616 | 11 146 . 412 264 389 61 1612 3355 1452 802 162 597 346 . . . 300 171 1202 1118 799 68 452 52 121 . 672 582 . 2540 343 2754 1347 5765 567 2184 7262 20708 Explosive 12929 | . . . 352 . 256 . 1254 . 1213 . . 191 . . 650 . . 202 334 340 216 . 971 . . . 582 . . 287 . 3599 . 655 413 1414 . . Electromagnetic 50997 | . . . . . . . 908 40 . 1235 . 1783 528 710 484 . 563 2243 3419 2328 1144 314 854 731 1395 148 2723 1512 871 2570 1366 7150 1937 4164 1759 4382 2098 1638 Impact . | . . . . . . . . . . . . . . . . . . . . . . . . . . . . . . . . . . . . . . . Slashing 1702 | . . . . . . . . . . . . . . . . . . 1553 . . . . 149 . . . . . . . . . . . . . . . Piercing . | . . . . . . . . . . . . . . . . . . . . . . . . . . . . . . . . . . . . . . . Highest Corruption 13 | . 2 2 . . . . . . 1 1 . . . . 3 13 13 10 . . . . 8 8 . . 5 5 3 . . 7 10 11 11 . . . Average Corruption 7 | . 1 2 . . . . . . 1 1 . . . . 2 12 12 6 . . . . 4 8 . . 5 5 2 . . 2 8 10 11 . . . Corruption Purged 16 | . . . . . . . . . . . . . . . . . 3 10 . . . . . . . . . . 3 . . . . . . . . . Effects 406 | . 2 1 . . . . . . 1 4 . . . . 2 22 24 17 . . . . 20 9 . . 8 17 . . . 24 50 157 48 . . . Message Errors 84 | . 1 . . . . . . . . 3 . . . . 1 2 6 7 . . . . 2 2 . . 2 8 . . . 3 11 26 10 . . . Matter Fused 74 | . . . . . . . . . . . . . . . . 2 2 4 . . . . 4 2 . . 1 2 . . . 4 11 31 11 . . . Heat Flow Errors 40 | . . 1 . . . . . . . . . . . . . 6 2 1 . . . . 2 . . . 1 2 . . . 6 5 12 2 . . . Energy Discharges 35 | . 1 . . . . . . . . . . . . . . 2 . 1 . . . . 2 1 . . 2 1 . . . 2 3 14 6 . . . Parts Rejected 3 | . . . . . . . . . . . . . . . . 1 . . . . . . 1 . . . . . . . . . . 1 . . . . Data Loss (minor) 37 | . . . . . . . . . 1 . . . . . . . 3 3 . . . . 1 1 . . . . . . . 2 6 15 5 . . . Data Loss (major) 17 | . . . . . . . . . . . . . . . . . . 1 . . . . . . . . 1 2 . . . . 3 9 1 . . . Misfires 14 | . . . . . . . . . . . . . . . . . 3 . . . . . 2 1 . . . 1 . . . 1 4 . 2 . . . Alerts 5 | . . . . . . . . . . . . . . . . 2 3 . . . . . . . . . . . . . . . . . . . . . Misdirections 25 | . . . . . . . . . . . . . . . . . 1 . . . . . . . . . . . . . . . 2 18 4 . . . Targeting Errors 60 | . . . . . . . . . . 1 . . . . 1 5 3 . . . . . 5 1 . . 1 1 . . . 5 4 27 6 . . . Weapon Failures 12 | . . . . . . . . . . . . . . . . 2 1 . . . . . 1 1 . . . . . . . 1 1 4 1 . . . Overload Shots . | . . . . . . . . . . . . . . . . . . . . . . . . . . . . . . . . . . . . . . . Overflow Damage 5336 | . . . . . 14 . 144 5 131 12 . 52 55 20 . . 42 272 213 92 12 . 142 47 167 . 320 104 5 416 11 385 61 889 19 115 566 1025 Projectiles 3516 | . . . . . . . 6 5 60 1 . 48 55 . . . 42 25 20 71 . . . 47 167 . 314 104 5 416 11 127 61 694 2 91 552 592 Explosions 1517 | . . . . . 14 . 138 . 71 11 . 4 . 20 . . . 29 193 21 12 . 57 . . . 6 . . . . 258 . 195 17 24 14 433 Melee 303 | . . . . . . . . . . . . . . . . . . 218 . . . . 85 . . . . . . . . . . . . . . . Knockbacks 42 | . . . . . . . 5 . 1 . . . . . . . . . . . . . 6 . . . . . . . . . . . . . 25 5 Impact 1 | . . . . . . . . . 1 . . . . . . . . . . . . . . . . . . . . . . . . . . . . . Kinetic 38 | . . . . . . . 5 . . . . . . . . . . . . . . . 6 . . . . . . . . . . . . . 22 5 Secondary 3 | . . . . . . . . . . . . . . . . . . . . . . . . . . . . . . . . . . . . . 3 . Self-Inflicted Damage 1838 | . . . . . 48 . 351 84 34 16 . 30 . 54 177 . . 4 301 103 50 . 244 . . . 13 . . 69 . . . . . . . 260 Shots 74 | . . . . . 1 . 10 1 1 10 . 6 . 3 4 . . 3 13 4 4 . 8 . . . . . . 3 . . . . . . . 3 Rammed 6 | . 1 . . . . 1 1 . 2 . . . . . . . . . . . . . . . . . 1 . . . . . . . . . . . Targets Rammed 7 | . 1 . . . . 1 2 . 2 . . . . . . . . . . . . . . . . . 1 . . . . . . . . . . . Kicked . | . . . . . . . . . . . . . . . . . . . . . . . . . . . . . . . . . . . . . . . Crushed 1 | . . . . . . . 1 . . . . . . . . . . . . . . . . . . . . . . . . . . . . . . . Highest Temperature 353 | . 54 129 5 153 228 126 324 353 78 5 . 45 84 . 132 221 205 186 108 69 54 54 304 5 328 126 298 325 34 280 280 339 240 328 210 252 89 206 Average Temperature 72 | . 25 72 3 43 66 43 70 76 28 3 . 22 36 . 63 75 41 44 16 26 34 22 108 2 90 47 92 110 7 92 72 105 76 80 100 83 45 78 Received Heat Transfer 4624 | . 282 . 258 183 111 . 666 . 243 249 18 189 57 18 9 . 36 65 174 246 . 9 126 18 . . 84 25 17 22 12 671 207 94 124 75 144 192 Effects 16 | . . . . . . . 6 4 . . . . . . . . . . . . . . . . . . . 1 . . . 3 . 1 . 1 . . Shutdowns 1 | . . . . . . . . 1 . . . . . . . . . . . . . . . . . . . . . . . . . . . . . . Energy Bleed 4 | . . . . . . . 2 . . . . . . . . . . . . . . . . . . . . 1 . . . 1 . . . . . . Interference 10 | . . . . . . . 3 3 . . . . . . . . . . . . . . . . . . . . . . . 2 . 1 . 1 . . Damage (minor) 1 | . . . . . . . 1 . . . . . . . . . . . . . . . . . . . . . . . . . . . . . . . Siege Activations 2 | . . . . . . . . . . . . . . . . . . . . . . . 2 . . . . . . . . . . . . . . . Total Turns 110 | . . . . . . . . . . . . . . . . . . . . . . . 110 . . . . . . . . . . . . . . . Longest Duration 60 | . . . . . . . . . . . . . . . . . . . . . . . 60 . . . . . . . . . . . . . . . Robots Corrupted 212 | . . . . . . . 2 . . 6 . 6 . 2 2 . 2 12 6 4 7 1 2 4 7 . 14 5 4 12 7 22 7 23 10 20 12 13 Combat Hostiles 180 | . . . . . . . 1 . . 3 . 6 . 2 2 . 1 10 6 2 7 1 2 4 4 . 9 5 4 10 7 18 6 19 10 17 11 13 Parts Fried 427 | . . . . . . . 9 . . 6 . 10 3 7 6 . 7 18 27 17 8 2 4 4 9 1 33 11 4 24 12 52 20 33 11 42 26 21 Impact Corruptions 1 | . . . . . . . . . . . . . . . . . . . . . . . . . . . . . . . . . . . . . 1 . Robots Melted 11 | . . . . . . . 2 . 1 . . . . . . . . . . 1 . . . . . . 1 . . 4 . . . . 1 . 1 . Combat Hostiles 11 | . . . . . . . 2 . 1 . . . . . . . . . . 1 . . . . . . 1 . . 4 . . . . 1 . 1 . Parts Melted 114 | . . . 1 2 3 . 5 . 1 2 1 4 4 . . . 2 2 . 4 . . . . . . 1 1 . 28 . 8 2 16 6 11 9 1 Heat Transferred 43596 | 25 325 . 888 444 666 111 2633 6733 2109 1012 222 735 481 . . . 285 161 861 1257 762 87 550 50 150 . 700 600 . 2935 111 1925 1036 5039 407 1517 4160 4619 Parts Sabotaged 1 | . . . . . . . . . . . . . . . . . . . 1 . . . . . . . . . . . . . . . . . . . Parts Stolen . | . . . . . . . . . . . . . . . . . . . . . . . . . . . . . . . . . . . . . . . Parts Stripped . | . . . . . . . . . . . . . . . . . . . . . . . . . . . . . . . . . . . . . . . Power Chain Reactions 40 | . . . . . . . 2 2 . 1 . 3 . 4 . . . 1 10 6 5 . 2 1 . . . . . 1 1 1 . . . . . . Missiles Intercepted . | . . . . . . . . . . . . . . . . . . . . . . . . . . . . . . . . . . . . . . . Alert | -11 -10 -10 -9 -9 -9 -9 -7 -7 -7 -7 -6 -6 -6 -6 -5 -5 -5 -5 -5 -5 -5 -5 -5 -5 -4 -4 -4 -4 -3 -3 -3 -2 -2 -2 -2 -1 -1 -1 ------- Run | Scr Mat Min Mat Sto Gar Rec Fac Was Fac Gar Fac Gar Fac Gar Fac Was Fac Gar Fac Ext Cet Arc Hub Gar Fac Was Fac Gar Res Tes Gar Res Qua Sec Gar Acc Com Ac0 Peak Influence 1756 | 5 245 95 354 478 934 519 1715 600 528 748 407 894 668 745 492 212 200 735 1462 1186 1260 621 1151 1070 767 124 874 1050 798 1004 684 1756 1294 764 806 1737 967 . Average Influence 521 | . 111 95 224 210 668 464 1197 380 177 547 336 598 517 682 327 181 92 271 771 615 933 354 438 983 378 62 452 882 699 410 484 760 636 243 522 977 706 . Maximum Alert Level 5 | . 1 . 1 2 3 2 5 2 2 3 2 3 2 3 2 1 1 3 4 4 4 2 4 3 3 . 3 3 3 3 2 5 4 3 3 5 4 . Low Security (%) 16 | 100 85 100 24 53 . . . 1 67 . . 5 . . 2 40 91 40 . . . 27 22 . 2 100 15 . . 19 12 . . 49 16 . . . Level 1 19 | . 14 . 75 39 6 19 . 65 23 17 88 10 5 . 70 59 8 28 3 2 . 24 35 . 77 . 30 . . 33 6 12 17 36 3 13 . . Level 2 28 | . . . . 7 39 80 . 32 8 58 11 54 94 33 26 . . 23 43 74 20 48 19 . 6 . 40 6 45 29 80 38 47 14 68 15 18 . Level 3 19 | . . . . . 53 . 40 . . 23 . 30 . 66 . . . 7 36 19 62 . 10 100 12 . 13 93 54 16 . 31 26 . 11 31 21 . Level 4 14 | . . . . . . . 48 . . . . . . . . . . . 15 3 16 . 10 . . . . . . . . 13 8 . . 33 60 . Level 5 . | . . . . . . . 10 . . . . . . . . . . . . . . . . . . . . . . . . 3 . . . 6 . . High Security . | . . . . . . . . . . . . . . . . . . . . . . . . . . . . . . . . . . . . . . . Max Security . | . . . . . . . . . . . . . . . . . . . . . . . . . . . . . . . . . . . . . . . Squads Dispatched 139 | . 3 . . 1 . . 7 . 6 . 1 . 4 . 3 . 1 . 8 2 . . 6 . 1 . 9 . 6 9 . 13 14 18 . 13 14 . Investigation 19 | . 3 . . . . . . . . . . . 1 . 1 . . . 2 . . . . . . . 2 . 2 . . 2 2 1 . 1 2 . Extermination 39 | . . . . . . . 3 . 1 . 1 . . . 1 . 1 . 1 . . . 2 . 1 . 2 . . 3 . 4 3 7 . 2 7 . Reinforcement 40 | . . . . . . . 1 . 4 . . . 2 . 1 . . . 2 1 . . 3 . . . 3 . 4 4 . 3 7 3 . 1 1 . Assault 27 | . . . . . . . 3 . 1 . . . 1 . . . . . 2 1 . . 1 . . . 1 . . 1 . 4 2 1 . 5 4 . Garrison 14 | . . . . 1 . . . . . . . . . . . . . . 1 . . . . . . . 1 . . 1 . . . 6 . 4 . . Intercept . | . . . . . . . . . . . . . . . . . . . . . . . . . . . . . . . . . . . . . . . Construction Impeded 11 | . . . . . . . 1 . 1 . . . . . 1 . . . 1 1 . . 2 . . . 1 . . 1 . 1 1 . . . . . Haulers Reinforced 5 | . . . . . . . . . 1 . . . 1 . . . . . . . . . . . . . . . 2 . . . . . . 1 . . Alert ID Control Effect 37 | . . . . . . . . . . . . . . . . . . . . . . . . . . . . . . . . . 16 . 1 . 20 . Stealth | -11 -10 -10 -9 -9 -9 -9 -7 -7 -7 -7 -6 -6 -6 -6 -5 -5 -5 -5 -5 -5 -5 -5 -5 -5 -4 -4 -4 -4 -3 -3 -3 -2 -2 -2 -2 -1 -1 -1 --------- Run | Scr Mat Min Mat Sto Gar Rec Fac Was Fac Gar Fac Gar Fac Gar Fac Was Fac Gar Fac Ext Cet Arc Hub Gar Fac Was Fac Gar Res Tes Gar Res Qua Sec Gar Acc Com Ac0 Distress Signals 53 | . 1 . . . . . 1 . 1 . . . 2 . 1 . . . . 2 2 . 1 . 1 . 4 . 3 . . 4 2 2 . 3 23 . Communications Jammed . | . . . . . . . . . . . . . . . . . . . . . . . . . . . . . . . . . . . . . . . Distress Signals . | . . . . . . . . . . . . . . . . . . . . . . . . . . . . . . . . . . . . . . . Times Spotted 1090 | . 15 . 20 19 16 21 45 6 40 15 1 27 16 7 11 6 7 25 47 36 24 6 50 8 17 5 41 12 16 49 18 110 40 69 26 66 96 57 Peak Tracking Total 13 | . 2 . 4 4 6 5 7 4 7 4 2 4 6 2 6 2 2 4 8 5 5 1 10 5 6 3 7 5 4 8 5 9 7 4 7 8 13 4 Tactical Retreats 46 | . 1 . . 2 . . 4 . 1 . . 1 . 1 . . . 3 3 . . . 2 . . 1 . 1 1 2 1 11 . 5 . 4 1 1 Traps | -11 -10 -10 -9 -9 -9 -9 -7 -7 -7 -7 -6 -6 -6 -6 -5 -5 -5 -5 -5 -5 -5 -5 -5 -5 -4 -4 -4 -4 -3 -3 -3 -2 -2 -2 -2 -1 -1 -1 ------- Run | Scr Mat Min Mat Sto Gar Rec Fac Was Fac Gar Fac Gar Fac Gar Fac Was Fac Gar Fac Ext Cet Arc Hub Gar Fac Was Fac Gar Res Tes Gar Res Qua Sec Gar Acc Com Ac0 Traps Triggered 61 | . 3 . . 1 1 . 1 . 1 1 1 9 . 2 5 . . 6 2 5 . . 1 2 2 . 4 . . . 5 . . 1 4 . 4 . Indirectly 11 | . . . . . . . . . . . . 6 . . . . . 3 1 . . . 1 . . . . . . . . . . . . . . . Trap Hack Attempts . | . . . . . . . . . . . . . . . . . . . . . . . . . . . . . . . . . . . . . . . Triggered . | . . . . . . . . . . . . . . . . . . . . . . . . . . . . . . . . . . . . . . . Disarmed . | . . . . . . . . . . . . . . . . . . . . . . . . . . . . . . . . . . . . . . . Reprogrammed 11 | . 6 . . . . . . . . . . . . . . . . . . . . . . . . . . . . 5 . . . . . . . . Reused 2 | . 2 . . . . . . . . . . . . . . . . . . . . . . . . . . . . . . . . . . . . . Traps Extracted . | . . . . . . . . . . . . . . . . . . . . . . . . . . . . . . . . . . . . . . . Installed . | . . . . . . . . . . . . . . . . . . . . . . . . . . . . . . . . . . . . . . . Triggered 11 | . 2 . . . . . . . . . . . . . . . . . . 1 . . . . . . . . . 1 . 1 . . . . 6 . Machines | -11 -10 -10 -9 -9 -9 -9 -7 -7 -7 -7 -6 -6 -6 -6 -5 -5 -5 -5 -5 -5 -5 -5 -5 -5 -4 -4 -4 -4 -3 -3 -3 -2 -2 -2 -2 -1 -1 -1 ---------- Run | Scr Mat Min Mat Sto Gar Rec Fac Was Fac Gar Fac Gar Fac Gar Fac Was Fac Gar Fac Ext Cet Arc Hub Gar Fac Was Fac Gar Res Tes Gar Res Qua Sec Gar Acc Com Ac0 Machines Disabled 144 | . . . . . 4 . 7 . 3 2 . 4 2 1 5 . 2 6 10 10 5 2 13 2 2 . 10 2 1 7 4 9 4 11 5 3 2 6 Max in Single Turn 6 | . . . . . 2 . 1 . 1 1 . 2 1 1 3 . 1 1 4 1 3 1 6 1 1 . 1 1 1 1 1 1 1 2 1 1 1 1 Garrison Access 7 | . . . . . . . 2 . 1 . . . . . . . . . 1 . . . . . . . 1 . . . . . . . . 2 . . Garrison Relay 16 | . . . . . 2 . . . . 1 . 1 . . . . . 3 . . . . . 1 . . . 2 . . 2 . . . 4 . . . Phase Generator 2 | . . . . . 1 . . . . . . 1 . . . . . . . . . . . . . . . . . . . . . . . . . . Network Hub 4 | . . . . . . . . . . . . . . . . . . . . . . . 4 . . . . . . . . . . . . . . . Machines Sabotaged . | . . . . . . . . . . . . . . . . . . . . . . . . . . . . . . . . . . . . . . . Garrisons Compromised . | . . . . . . . . . . . . . . . . . . . . . . . . . . . . . . . . . . . . . . . Overloaded Fab Kills . | . . . . . . . . . . . . . . . . . . . . . . . . . . . . . . . . . . . . . . . Fab Network Shutdowns 1 | . . . . . . . 1 . . . . . . . . . . . . . . . . . . . . . . . . . . . . . . . Hacking | -11 -10 -10 -9 -9 -9 -9 -7 -7 -7 -7 -6 -6 -6 -6 -5 -5 -5 -5 -5 -5 -5 -5 -5 -5 -4 -4 -4 -4 -3 -3 -3 -2 -2 -2 -2 -1 -1 -1 --------- Run | Scr Mat Min Mat Sto Gar Rec Fac Was Fac Gar Fac Gar Fac Gar Fac Was Fac Gar Fac Ext Cet Arc Hub Gar Fac Was Fac Gar Res Tes Gar Res Qua Sec Gar Acc Com Ac0 Machines Accessed 142 | . 6 . 1 7 . 5 10 . 5 . 4 . 4 . 3 . 5 . 9 16 5 . 10 . 6 . 5 . 2 6 . 5 8 11 . 5 4 . Terminals 101 | . 4 . 1 5 . 2 4 . 3 . 3 . 1 . 2 . 1 . 7 15 5 . 9 . 3 . 3 . 1 4 . 4 7 10 . 3 4 . Fabricators 8 | . . . . . . . 3 . . . . . 1 . . . 1 . 1 . . . . . 1 . . . . . . 1 . . . . . . Repair Stations 7 | . . . . 1 . . 1 . . . . . 1 . . . 1 . . . . . . . 1 . . . . 1 . . . . . 1 . . Recycling Units 7 | . 2 . . . . 3 . . . . . . . . . . . . . 1 . . . . . . 1 . . . . . . . . . . . Scanalyzers 1 | . . . . . . . . . . . . . . . . . 1 . . . . . . . . . . . . . . . . . . . . . Garrison Access 18 | . . . . 1 . . 2 . 2 . 1 . 1 . 1 . 1 . 1 . . . 1 . 1 . 1 . 1 1 . . 1 1 . 1 . . Total Hacks 522 | . 18 . 6 19 . 13 21 . 11 . 14 . 12 . 6 . 11 . 25 44 10 . 33 . 28 . 38 . 7 31 . 30 41 55 . 31 18 . Successful 243 | . 14 . 2 15 . 8 11 . 7 . 4 . 7 . 1 . 6 . 12 16 8 . 17 . 14 . 15 . 3 10 . 7 21 24 . 15 6 . Failed 278 | . 4 . 4 4 . 5 10 . 4 . 10 . 5 . 5 . 5 . 13 28 2 . 16 . 14 . 22 . 4 21 . 23 20 31 . 16 12 . Catastrophic 64 | . . . . 1 . . 2 . 2 . 3 . 1 . 1 . 2 . 2 3 . . 6 . 3 . 2 . 3 5 . 7 6 8 . 4 3 . Database Lockouts 1 | . . . . . . . . . . . . . . . . . . . . . . . . . . . 1 . . . . . . . . . . . Manual 262 | . 10 . 4 6 . 3 7 . 5 . 10 . 4 . 4 . 3 . 9 16 8 . 9 . 15 . 27 . 3 12 . 13 32 33 . 14 15 . Terminals 411 | . 16 . 6 12 . 5 9 . 8 . 13 . 3 . 4 . 4 . 18 41 10 . 31 . 18 . 31 . 5 24 . 24 38 51 . 22 18 . Fabricators 25 | . . . . . . . 5 . . . . . 2 . . . 3 . 4 . . . . . 5 . . . . . . 6 . . . . . . Repair Stations 27 | . . . . 6 . . 3 . . . . . 4 . . . 1 . . . . . . . 3 . . . . 3 . . . . . 7 . . Recycling Units 14 | . 2 . . . . 8 . . . . . . . . . . . . . 3 . . . . . . 1 . . . . . . . . . . . Scanalyzers 1 | . . . . . . . . . . . . . . . . . 1 . . . . . . . . . . . . . . . . . . . . . Garrison Access 44 | . . . . 1 . . 4 . 3 . 1 . 3 . 2 . 2 . 3 . . . 2 . 2 . 6 . 2 4 . . 3 4 . 2 . . Terminal Hacks 120 | . 10 . 1 6 . 2 2 . 3 . 2 . . . 1 . 1 . 6 11 4 . 10 . 7 . 9 . . 5 . 5 11 15 . 7 2 . Record 1 | . . . . . . . . . . . . . . . . . . . . . 1 . . . . . . . . . . . . . . . . . Part Schematic 2 | . . . . . . . . . 1 . . . . . . . . . . . . . . . 1 . . . . . . . . . . . . . Robot Schematic 2 | . 1 . . . . . . . 1 . . . . . . . . . . . . . . . . . . . . . . . . . . . . . Robot Analysis 3 | . 2 . . 1 . . . . . . . . . . . . . . . . . . . . . . . . . . . . . . . . . . Prototype ID Bank 26 | . 2 . . 1 . 1 1 . 1 . 1 . . . . . 1 . 2 . . . 2 . 1 . 5 . . . . 1 3 3 . 1 . . Open Door 16 | . . . . 2 . . . . . . . . . . . . . . 1 9 1 . . . . . . . . . . . . 2 . . 1 . Level Access Points 1 | . . . . . . . . . . . . . . . . . . . . . . . 1 . . . . . . . . . . . . . . . Branch Access Points 4 | . . . . . . . . . . . . . . . . . . . 1 . . . . . . . 1 . . . . 1 . . . 1 . . Alert Level 1 | . . . . . . . 1 . . . . . . . . . . . . . . . . . . . . . . . . . . . . . . . Unreport Threat 28 | . . . . . . . . . . . . . . . . . . . . 2 2 . 2 . 3 . . . . 2 . 3 4 4 . 5 1 . Locate Traps 12 | . 2 . 1 . . . . . . . 1 . . . 1 . . . 1 . . . . . 1 . 1 . . 2 . . 1 1 . . . . Reprogram Traps 2 | . 1 . . . . . . . . . . . . . . . . . . . . . . . . . . . . 1 . . . . . . . . Dispatch Records 2 | . . . . . . . . . . . . . . . . . . . . . . . . . . . . . . . . . 1 1 . . . . Recall Investigation 1 | . . . . . . . . . . . . . . . . . . . . . . . . . . . . . . . . . 1 . . . . . Recall Reinforcements 3 | . . . . . . . . . . . . . . . . . . . . . . . 1 . . . . . . . . . . 2 . . . . Hauler Manifests 7 | . 1 . . 1 . . . . . . . . . . . . . . 1 . . . 1 . 1 . . . . . . . 1 1 . . . . Registered Components 1 | . 1 . . . . . . . . . . . . . . . . . . . . . . . . . . . . . . . . . . . . . Zone Layout 8 | . . . . 1 . 1 . . . . . . . . . . . . . . . . 3 . . . 2 . . . . . . 1 . . . . Fabricator Hacks 9 | . . . . . . . 2 . . . . . 2 . . . 1 . 1 . . . . . 2 . . . . . . 1 . . . . . . Load Schematic 6 | . . . . . . . 1 . . . . . 1 . . . 1 . 1 . . . . . 1 . . . . . . 1 . . . . . . Build 3 | . . . . . . . 1 . . . . . 1 . . . . . . . . . . . 1 . . . . . . . . . . . . . Repair Station Hacks 18 | . . . . 6 . . 2 . . . . . 2 . . . . . . . . . . . 2 . . . . 2 . . . . . 4 . . Scan Component 9 | . . . . 3 . . 1 . . . . . 1 . . . . . . . . . . . 1 . . . . 1 . . . . . 2 . . Repair 9 | . . . . 3 . . 1 . . . . . 1 . . . . . . . . . . . 1 . . . . 1 . . . . . 2 . . Recycling Unit Hacks 5 | . . . . . . 3 . . . . . . . . . . . . . 1 . . . . . . 1 . . . . . . . . . . . Retrieve Components 5 | . . . . . . 3 . . . . . . . . . . . . . 1 . . . . . . 1 . . . . . . . . . . . Scanalyzer 1 | . . . . . . . . . . . . . . . . . 1 . . . . . . . . . . . . . . . . . . . . . Insert Component 1 | . . . . . . . . . . . . . . . . . 1 . . . . . . . . . . . . . . . . . . . . . Garrison Access Hacks 20 | . . . . 1 . . 4 . 3 . 1 . 1 . . . 2 . 1 . . . 1 . . . 1 . 1 1 . . . 1 . 2 . . Unlock Access 11 | . . . . 1 . . . . 2 . 1 . 1 . . . 1 . . . . . 1 . . . 1 . 1 1 . . . 1 . . . . Seal Access 4 | . . . . . . . 2 . . . . . . . . . . . 1 . . . . . . . . . . . . . . . . 1 . . Coupler Status 5 | . . . . . . . 2 . 1 . . . . . . . 1 . . . . . . . . . . . . . . . . . . 1 . . Unauthorized Hacks 70 | . 4 . 1 2 . 3 1 . 1 . 1 . 2 . . . 1 . 4 4 4 . 6 . 3 . 4 . 2 2 . 1 10 8 . 2 4 . Terminals 58 | . 2 . 1 2 . 1 1 . 1 . 1 . 1 . . . 1 . 2 4 4 . 6 . 2 . 4 . 1 2 . 1 7 8 . 2 4 . Track 16 | . 1 . . . . . . . . . . . . . . . . . . . 2 . 2 . . . 1 . . . . . 3 4 . . 3 . Botnet 37 | . 1 . 1 2 . 1 1 . 1 . 1 . 1 . . . 1 . 2 4 2 . 3 . 1 . 3 . 1 2 . 1 3 2 . 2 1 . Disrupt 4 | . . . . . . . . . . . . . . . . . . . . . . . 1 . 1 . . . . . . . . 2 . . . . Operators 1 | . . . . . . . . . . . . . . . . . . . . . . . . . . . . . . . . . 1 . . . . . Fabricators . | . . . . . . . . . . . . . . . . . . . . . . . . . . . . . . . . . . . . . . . Repair Stations . | . . . . . . . . . . . . . . . . . . . . . . . . . . . . . . . . . . . . . . . Recycling Units 4 | . 2 . . . . 2 . . . . . . . . . . . . . . . . . . . . . . . . . . . . . . . . Tunnel 4 | . 2 . . . . 2 . . . . . . . . . . . . . . . . . . . . . . . . . . . . . . . . Scanalyzers . | . . . . . . . . . . . . . . . . . . . . . . . . . . . . . . . . . . . . . . . Garrison Access 8 | . . . . . . . . . . . . . 1 . . . . . 2 . . . . . 1 . . . 1 . . . 3 . . . . . Reprogram 7 | . . . . . . . . . . . . . . . . . . . 2 . . . . . 1 . . . 1 . . . 3 . . . . . Eject 1 | . . . . . . . . . . . . . 1 . . . . . . . . . . . . . . . . . . . . . . . . . Data Cores Recovered 3 | . . . . 1 . . . . . . 1 . . . . . . . . . . . . . . . . . . . . 1 . . . . . . Used 1 | . . . . . . . . . . . . . . . . . . . . . . . . . . . . . . . . 1 . . . . . . Hacking Detections 122 | . 4 . 1 7 . 4 7 . 5 . 4 . 3 . 3 . 4 . 9 15 5 . 10 . 3 . 4 . 1 6 . 5 7 7 . 4 4 . Full Trace Events 11 | . . . . . . 1 . . . . . . . . 1 . . . 2 . . . . . . . 1 . . . . 2 1 . . 1 2 . Feedback Events 1 | . . . . . . . . . . . . . . . . . . . . . . . . . . . . . . . . . 1 . . . . . Corruption 1 | . . . . . . . . . . . . . . . . . . . . . . . . . . . . . . . . . 1 . . . . . Feedback Blocked . | . . . . . . . . . . . . . . . . . . . . . . . . . . . . . . . . . . . . . . . Robot Schematics Acquired 2 | . 1 . . . . . . . 1 . . . . . . . . . . . . . . . . . . . . . . . . . . . . . Robots Built 4 | . . . . . . . 3 . . . . . . . . . . . . . . . . . 1 . . . . . . . . . . . . . Matter 405 | . . . . . . . 252 . . . . . . . . . . . . . . . . . 153 . . . . . . . . . . . . . Time 161 | . . . . . . . 134 . . . . . . . . . . . . . . . . . 27 . . . . . . . . . . . . . Total Robot Build Rating 13 | . . . . . . . 12 . . . . . . . . . . . . . . . . . 1 . . . . . . . . . . . . . Part Schematics Acquired 2 | . . . . . . . . . 1 . . . . . . . . . . . . . . . 1 . . . . . . . . . . . . . Parts Built 1 | . . . . . . . . . . . . . 1 . . . . . . . . . . . . . . . . . . . . . . . . . Matter 168 | . . . . . . . . . . . . . 168 . . . . . . . . . . . . . . . . . . . . . . . . . Time 42 | . . . . . . . . . . . . . 42 . . . . . . . . . . . . . . . . . . . . . . . . . Total Part Build Rating 4 | . . . . . . . . . . . . . 4 . . . . . . . . . . . . . . . . . . . . . . . . . Parts Repaired 9 | . . . . 3 . . 1 . . . . . 1 . . . . . . . . . . . 1 . . . . 1 . . . . . 2 . . Time 349 | . . . . 96 . . 32 . . . . . 32 . . . . . . . . . . . 44 . . . . 74 . . . . . 71 . . Parts Recycled . | . . . . . . . . . . . . . . . . . . . . . . . . . . . . . . . . . . . . . . . Recycled Matter . | . . . . . . . . . . . . . . . . . . . . . . . . . . . . . . . . . . . . . . . Retrieved Matter . | . . . . . . . . . . . . . . . . . . . . . . . . . . . . . . . . . . . . . . . Retrieved Components 23 | . . . . . . 5 . . . . . . . . . . . . . 9 . . . . . . 9 . . . . . . . . . . . Parts Scanalyzed . | . . . . . . . . . . . . . . . . . . . . . . . . . . . . . . . . . . . . . . . Part Schematics Acquired . | . . . . . . . . . . . . . . . . . . . . . . . . . . . . . . . . . . . . . . . Parts Damaged . | . . . . . . . . . . . . . . . . . . . . . . . . . . . . . . . . . . . . . . . Bothacking | -11 -10 -10 -9 -9 -9 -9 -7 -7 -7 -7 -6 -6 -6 -6 -5 -5 -5 -5 -5 -5 -5 -5 -5 -5 -4 -4 -4 -4 -3 -3 -3 -2 -2 -2 -2 -1 -1 -1 ------------ Run | Scr Mat Min Mat Sto Gar Rec Fac Was Fac Gar Fac Gar Fac Gar Fac Was Fac Gar Fac Ext Cet Arc Hub Gar Fac Was Fac Gar Res Tes Gar Res Qua Sec Gar Acc Com Ac0 Used RIF Installer 9 | . . . . . 1 . . . . 1 . 1 . 1 . . . 1 . . . . . 1 . . . 1 . . 1 . . . 1 . . . Coupler Efficiency 1 | . . . . . . . . . . . . . . . . . . . . . . . . . . . . 1 . . . . . . . . . . Patrol Navigation 1 | . . . . . . . . . . . . . . 1 . . . . . . . . . . . . . . . . . . . . . . . . Alert ID Control 1 | . . . . . . . . . . . . . . . . . . 1 . . . . . . . . . . . . . . . . . . . . Structural Interface 1 | . . . . . . . . . . . . 1 . . . . . . . . . . . . . . . . . . . . . . . . . . Program Shield 1 | . . . . . . . . . . 1 . . . . . . . . . . . . . . . . . . . . . . . . . . . . Autooverride 2 | . . . . . . . . . . . . . . . . . . . . . . . . 1 . . . . . . 1 . . . . . . . Crosswire 1 | . . . . . . . . . . . . . . . . . . . . . . . . . . . . . . . . . . . 1 . . . Robots Hacked 91 | . . . . . . . 5 2 . 1 . . 1 . . . . 1 1 . . . 4 . 1 . 1 . 2 2 . 7 10 8 2 17 26 . Non-combat 26 | . . . . . . . 1 . . . . . . . . . . 1 1 . . . 4 . 1 . . . . 1 . 2 3 3 . 8 1 . Combat 64 | . . . . . . . 4 2 . 1 . . 1 . . . . . . . . . . . . . 1 . 2 1 . 5 7 5 2 9 24 . Autooverrided 24 | . . . . . . . . . . . . . . . . . . . . . . . . . . . . . . . . 4 3 . 2 9 6 . Robot Hacks Applied 81 | . . . . . . . 5 2 . 1 . . 1 . . . . 1 1 . . . 4 . 1 . 2 . 2 5 . 4 10 11 . 9 22 . parse_system 13 | . . . . . . . . . . . . . . . . . . 1 1 . . . 1 . . . . . 2 . . 1 2 4 . . 1 . find_chute 2 | . . . . . . . 1 . . . . . . . . . . . . . . . . . 1 . . . . . . . . . . . . . deconstruct_machine 2 | . . . . . . . . . . . . . . . . . . . . . . . 2 . . . . . . . . . . . . . . . map_walls 3 | . . . . . . . . . . . . . . . . . . . . . . . . . . . . . . . . . . . . 3 . . map_earth 1 | . . . . . . . . . . . . . . . . . . . . . . . . . . . . . . . . . . . . 1 . . drop_inventory 4 | . . . . . . . . . . . . . . . . . . . . . . . . . . . . . . . . . 1 1 . 2 . . purge_threat 13 | . . . . . . . . . . . . . . . . . . . . . . . . . . . . . . 4 . 2 3 4 . . . . block_reporting 1 | . . . . . . . . . . . . . . . . . . . . . . . . . . . . . . . . . 1 . . . . . map_route 2 | . . . . . . . . . . . . . . . . . . . . . . . . . . . . . . . . . . . . 2 . . redirect_shields 1 | . . . . . . . . . . . . . . . . . . . . . . . . . . . . . . . . . . . . 1 . . locate_prototypes 3 | . . . . . . . . . . . . . . . . . . . . . . . . . . . . . . 1 . . 1 1 . . . . ignore_targets 2 | . . . . . . . . 2 . . . . . . . . . . . . . . . . . . . . . . . . . . . . . . find_garrison 2 | . . . . . . . . . . . . . 1 . . . . . . . . . . . . . 1 . . . . . . . . . . . overload_power 1 | . . . . . . . . . . . . . . . . . . . . . . . 1 . . . . . . . . . . . . . . . reboot_system 1 | . . . . . . . . . . . . . . . . . . . . . . . . . . . . . . . . . . 1 . . . . overwrite_iff 5 | . . . . . . . 4 . . 1 . . . . . . . . . . . . . . . . . . . . . . . . . . . . formatsys_low 1 | . . . . . . . . . . . . . . . . . . . . . . . . . . . . . . . . . . . . . 1 . formatsys_high 24 | . . . . . . . . . . . . . . . . . . . . . . . . . . . 1 . . . . 1 2 . . . 20 . Manual 1 | . . . . . . . . . . . . . . . . . . . . . . . . . . . . . . . . . . . . . 1 . Relay Couplers Released 75 | . . . . . 7 . . . 2 5 . 3 4 . . . . 13 . . . . . 3 . . 1 7 3 . 8 . . . 17 2 . . Ejected 4 | . . . . . . . . . . . . . 4 . . . . . . . . . . . . . . . . . . . . . . . . . Machine Destruction 68 | . . . . . 7 . . . 2 5 . 3 . . . . . 13 . . . . . 3 . . 1 7 . . 8 . . . 17 2 . . Programmers 3 | . . . . . . . . . . . . . . . . . . . . . . . . . . . . . 3 . . . . . . . . . Attached 23 | . . . . . . . 2 1 . . . . . . . . . . . . . . 1 . . . 1 . . 2 . 3 1 1 2 2 7 . Crosswired 9 | . . . . . . . . . . . . . . . . . . . . . . . . . . . . . . . . . . . 8 1 . . Robots Rewired 23 | . . . . . . 8 . . . . . 6 . . . . . 3 . 6 . . . . . . . . . . . . . . . . . . Allies Hacked 2 | . . . . . . . . . . . . . . . . . . . 2 . . . . . . . . . . . . . . . . . . . Hacks Repelled . | . . . . . . . . . . . . . . . . . . . . . . . . . . . . . . . . . . . . . . . Allies | -11 -10 -10 -9 -9 -9 -9 -7 -7 -7 -7 -6 -6 -6 -6 -5 -5 -5 -5 -5 -5 -5 -5 -5 -5 -4 -4 -4 -4 -3 -3 -3 -2 -2 -2 -2 -1 -1 -1 -------- Run | Scr Mat Min Mat Sto Gar Rec Fac Was Fac Gar Fac Gar Fac Gar Fac Was Fac Gar Fac Ext Cet Arc Hub Gar Fac Was Fac Gar Res Tes Gar Res Qua Sec Gar Acc Com Ac0 Total Allies 174 | . . . . 10 . 8 7 19 . 1 3 6 . . . . . 2 4 26 5 . . . 2 19 1 . 2 3 . 5 15 . 2 9 25 . Largest Group 19 | . . . . 10 6 9 8 18 16 1 3 6 5 . . . . 1 4 14 9 6 5 . 1 19 17 . 2 3 . 1 11 . 1 2 13 . Highest-Rated Group 696 | . . . . 88 48 95 88 456 386 16 93 180 150 . . . . 30 116 407 688 489 341 . 27 696 596 . 112 138 . 64 638 . 58 100 692 . Highest-Rated Ally 156 | . . . . 16 8 21 32 35 33 16 31 31 30 . . . . 30 30 156 156 148 94 . 27 50 56 . 56 56 . 64 58 . 58 58 69 . Total Orders 23 | . . . . . . . . . . . . . . . . . . 1 . . . . . . 2 . 2 . . . . 4 . . . . 14 . GOTO 11 | . . . . . . . . . . . . . . . . . . 1 . . . . . . 1 . . . . . . 1 . . . . 8 . FOLLOW 3 | . . . . . . . . . . . . . . . . . . . . . . . . . . . . . . . . 1 . . . . 2 . AID 1 | . . . . . . . . . . . . . . . . . . . . . . . . . 1 . . . . . . . . . . . . . EXPLORE 7 | . . . . . . . . . . . . . . . . . . . . . . . . . . . 2 . . . . 2 . . . . 3 . RETURN 1 | . . . . . . . . . . . . . . . . . . . . . . . . . . . . . . . . . . . . . 1 . Ally Attacks 1234 | . . . . 32 20 62 42 30 54 1 6 39 42 . . . . 6 24 197 57 23 45 . . . 97 . 5 35 . 12 113 . 7 16 269 . Total Damage 28958 | . . . . 244 174 334 736 558 931 15 127 756 1173 . . . . 75 340 3592 1572 504 1348 . . . 2510 . 151 1302 . 589 3053 . 195 574 8105 . Kills 151 | . . . . 6 6 6 4 1 7 . 1 4 6 . . . . . 1 19 9 2 12 . . . 9 . 1 12 . . 16 . 1 . 28 . Allies Corrupted 10 | . . . . . . . 1 . . . . . . . . . . . 1 1 . . . . . . 1 . . 1 . . 1 . . 1 3 . Allies Melted . | . . . . . . . . . . . . . . . . . . . . . . . . . . . . . . . . . . . . . . . Intel | -11 -10 -10 -9 -9 -9 -9 -7 -7 -7 -7 -6 -6 -6 -6 -5 -5 -5 -5 -5 -5 -5 -5 -5 -5 -4 -4 -4 -4 -3 -3 -3 -2 -2 -2 -2 -1 -1 -1 ------- Run | Scr Mat Min Mat Sto Gar Rec Fac Was Fac Gar Fac Gar Fac Gar Fac Was Fac Gar Fac Ext Cet Arc Hub Gar Fac Was Fac Gar Res Tes Gar Res Qua Sec Gar Acc Com Ac0 Robot Analysis Total 3 | . 2 . . 1 . . . . . . . . . . . . . . . . . . . . . . . . . . . . . . . . . . Derelict Logs Recovered . | . . . . . . . . . . . . . . . . . . . . . . . . . . . . . . . . . . . . . . . Drone Launches 12 | . . . . . . . . . . . . . . . . . . . . . . . . . . . 6 . . . . 4 . . . . 2 . Drone Recoveries . | . . . . . . . . . . . . . . . . . . . . . . . . . . . . . . . . . . . . . . . Exploration | -11 -10 -10 -9 -9 -9 -9 -7 -7 -7 -7 -6 -6 -6 -6 -5 -5 -5 -5 -5 -5 -5 -5 -5 -5 -4 -4 -4 -4 -3 -3 -3 -2 -2 -2 -2 -1 -1 -1 ------------- Run | Scr Mat Min Mat Sto Gar Rec Fac Was Fac Gar Fac Gar Fac Gar Fac Was Fac Gar Fac Ext Cet Arc Hub Gar Fac Was Fac Gar Res Tes Gar Res Qua Sec Gar Acc Com Ac0 Turns Passed 47187 | 90 781 247 664 788 929 499 1782 1213 1107 434 589 1055 795 393 884 438 474 2115 1308 1660 444 1654 1575 392 1033 791 1416 718 1128 1344 903 2181 1334 2962 995 1536 7293 1243 Spaces Moved 19054 | 35 379 155 261 269 471 203 855 584 509 158 265 499 400 208 480 190 228 698 637 800 222 210 729 195 480 394 704 320 554 569 408 846 637 1158 436 546 1843 519 Core 7 | 5 . . . . . . . . . . . . . . . . . . . . . . . . . . . . . . . 2 . . . . . . Treads 6867 | 30 379 155 68 269 471 203 409 270 507 . . . . . . . . . . . . . . . . . . . . . . . 89 1158 436 546 1843 34 Legs 193 | . . . 193 . . . . . . . . . . . . . . . . . . . . . . . . . . . . . . . . . . . Wheels 11987 | . . . . . . . 446 314 2 158 265 499 400 208 480 190 228 698 637 800 222 210 729 195 480 394 704 320 554 569 408 844 548 . . . . 485 Hover . | . . . . . . . . . . . . . . . . . . . . . . . . . . . . . . . . . . . . . . . Flight . | . . . . . . . . . . . . . . . . . . . . . . . . . . . . . . . . . . . . . . . Fastest Speed 50 | 50 160 160 160 180 180 180 100 120 150 150 150 150 160 160 160 170 170 170 165 170 160 170 160 170 180 180 170 180 180 180 180 140 160 200 200 200 195 120 Average Speed 178 | 150 160 160 179 180 180 180 147 148 179 187 208 162 165 160 169 170 170 170 172 170 169 170 169 170 180 180 180 189 189 182 189 180 181 200 200 214 200 133 Slowest Speed 1250 | 160 160 160 180 180 180 180 200 180 180 190 230 250 250 160 170 170 170 170 180 170 170 170 170 170 180 180 190 190 190 190 190 1250 200 200 200 220 220 195 Overloaded Moves . | . . . . . . . . . . . . . . . . . . . . . . . . . . . . . . . . . . . . . . . Propulsion Burnouts . | . . . . . . . . . . . . . . . . . . . . . . . . . . . . . . . . . . . . . . . Robots Hopped . | . . . . . . . . . . . . . . . . . . . . . . . . . . . . . . . . . . . . . . . Cave-ins Triggered . | . . . . . . . . . . . . . . . . . . . . . . . . . . . . . . . . . . . . . . . Teleports 3 | . . . . . . . . . . . . . . . . . . . . . . . . . . . . . . . . . . 1 . . 1 1 Exploration Rate (%) 52 | 5 61 29 24 50 85 61 23 97 19 48 8 76 14 60 12 99 6 89 20 85 79 84 59 50 21 96 37 59 19 88 83 28 77 65 95 20 95 34 Regions Visited 38 Branch Regions 12 Pre-discovered Areas 4 | . 2 . . . . 2 . . . . . . . . . . . . . . . . . . . . . . . . . . . . . . . . Known Exits Taken 13 | . . . . 1 . . . . 1 . 1 . 1 . . . 1 . 1 . . . 1 . . . 1 . 1 1 . 1 . 1 . 1 . . Unknown Exits Taken 10 | 1 1 1 1 . . 1 . . . . . . . . . . . . . 1 1 1 . . . . . . . . . . 1 . . . 1 . Scrap Searched . | . . . . . . . . . . . . . . . . . . . . . . . . . . . . . . . . . . . . . . . Spaces Dug 165 | . . . . 5 . . 15 . 10 3 . 3 . 3 . 10 . 13 29 . . . 9 . 4 . 2 . . 8 . 42 . 3 . 6 . . Terrain Destroyed 2357 | . . . 17 6 73 . 145 23 43 3 . 93 1 7 57 21 11 23 173 32 46 . 466 . 14 . 41 2 1 22 8 135 6 45 16 133 43 651 Melee 3 | . . . . . . . . . . . . . . . . . . . . . . . 3 . . . . . . . . . . . . . . . Projectile 259 | . . . . 6 . . . . 5 . . . 1 . . 21 3 . 7 . . . 50 . 14 . 3 2 1 17 5 14 6 9 2 34 22 37 AOE 2095 | . . . 17 . 73 . 145 23 38 3 . 93 . 7 57 . 8 23 166 32 46 . 413 . . . 38 . . 5 3 121 . 36 14 99 21 614 Actions | -11 -10 -10 -9 -9 -9 -9 -7 -7 -7 -7 -6 -6 -6 -6 -5 -5 -5 -5 -5 -5 -5 -5 -5 -5 -4 -4 -4 -4 -3 -3 -3 -2 -2 -2 -2 -1 -1 -1 --------- Run | Scr Mat Min Mat Sto Gar Rec Fac Was Fac Gar Fac Gar Fac Gar Fac Was Fac Gar Fac Ext Cet Arc Hub Gar Fac Was Fac Gar Res Tes Gar Res Qua Sec Gar Acc Com Ac0 Total 30243 | 55 475 154 368 489 517 299 1180 731 613 237 293 652 488 245 524 252 272 1533 766 1013 270 1493 951 241 638 447 846 435 631 880 543 1399 808 1803 567 909 5314 912 Wait 6276 | . 30 . 15 137 2 63 104 10 21 20 1 28 36 6 2 . 1 698 22 53 1 1270 42 7 69 6 16 53 36 93 14 117 10 134 8 77 3057 17 Move 19023 | 34 378 154 260 268 470 202 855 583 509 157 265 498 400 207 480 189 228 697 636 799 221 209 728 194 480 393 704 319 553 568 407 845 636 1157 435 545 1842 518 Hop . | . . . . . . . . . . . . . . . . . . . . . . . . . . . . . . . . . . . . . . . Pick Up 430 | 6 12 . 17 7 7 2 22 9 8 4 12 10 7 1 7 5 2 7 7 8 5 1 16 4 7 6 8 3 2 10 12 32 22 45 15 17 37 28 Fast Attach 267 | 7 1 . 3 8 . . 20 6 4 3 1 2 2 . 4 3 5 4 3 . 1 . 10 . 7 4 9 4 9 14 1 27 8 24 8 18 20 27 Attach 380 | . 1 . 10 1 2 . 14 1 3 2 2 2 1 . 2 3 . 3 5 3 4 . 8 1 9 4 11 3 2 20 5 43 17 58 7 32 45 56 Detach 196 | . . . 1 1 . . 4 . . 1 1 2 1 . . . 2 1 1 . 1 . 7 . 7 1 5 3 2 16 1 35 9 22 3 20 25 24 Swap 365 | 1 3 . 7 5 4 1 25 11 7 6 3 14 6 3 5 8 6 25 28 24 13 4 23 . 2 . 4 . . 6 1 1 5 34 5 21 42 12 Drop 496 | . 8 . 9 15 7 2 20 16 11 3 4 7 9 1 7 11 7 8 8 5 8 . 27 3 10 13 14 7 9 21 12 24 15 57 21 27 42 28 Fire 2558 | 7 41 . 46 47 21 11 109 92 48 31 4 66 26 11 17 33 21 49 56 81 16 9 85 16 47 20 71 43 18 132 50 273 80 270 63 152 194 202 Melee 61 | . . . . . . 16 5 3 . 2 . . . . . . . 17 . . . . 5 . . . . . . . . . 6 2 . . 5 . Ram 1 | . . . . . . . . . . . . . . . . . . . . . . . . . . . 1 . . . . . . . . . . . Kick . | . . . . . . . . . . . . . . . . . . . . . . . . . . . . . . . . . . . . . . . Crush 6 | . 1 . . . . 1 2 . 2 . . . . . . . . . . . . . . . . . . . . . . . . . . . . . Escape Stasis 173 | . . . . . 4 . . . . 8 . 23 . 16 . . . 24 . 40 . . . 16 . . . . . . 40 . . . 2 . . . Rewire 5 | . . . . . . 1 . . . . . . . . . . . . . . . . . . . . . . . . . . . . . . 4 . Trap . | . . . . . . . . . . . . . . . . . . . . . . . . . . . . . . . . . . . . . . . Miscellaneous 6 | . . . . . . . . . . . . . . . . . . . . . . . . . . . 3 . . . . 2 . . . . 1 . Route ------- -11/Scrapyard -10/Materials (discovered 2 exits: *Mat / [*Min]) -10/Mines -9/Materials -9/Storage -9/Garrison (discovered 3 exits: *Rec x3) -9/Recycling -7/Factory -7/Waste -7/Factory -7/Garrison -6/Factory (discovered 2 exits: [*Low] / Gar) -6/Garrison (discovered 3 exits: *Fac x3) -6/Factory -6/Garrison (discovered 2 exits: *Fac x2) -5/Factory -5/Waste -5/Factory (discovered 2 exits: *Upp / Gar) -5/Garrison (discovered 3 exits: *Fac x3) -5/Factory (discovered 4 exits: Upp x2 / *Ext x2) -5/Extension (discovered 3 exits: *Fac x2 / *Cet) -5/Cetus (discovered 2 exits: *Fac / [*Arc]) -5/Archives (discovered 2 exits: *Hub x2) -5/Hub_04(d) (discovered 5 exits: *Fac x4 / Gar) -5/Garrison -4/Factory -4/Waste -4/Factory (discovered 5 exits: *Res x2 / *Upp x2 / Gar) -4/Garrison (discovered 2 exits: *Res x2) -3/Research (discovered 3 exits: *Arm / *Tes / Gar) -3/Testing (discovered 2 exits: *Res / Gar) -3/Garrison (discovered 3 exits: *Res x3) -2/Research (discovered 4 exits: *Acc x2 / *Qua x2) -2/Quarantine -2/Section 7 (discovered 2 exits: *Acc / Gar) -2/Garrison (discovered 3 exits: *Acc x3) -1/Access -1/Command (discovered 3 exits: [*Sur x2] / [*Ac0]) -1/Access_0 0b11 Command History --------- Turn | Location | Event 8 | -11/Scrapyard | Discovered new exit (range 16) 91 | -11/Scrapyard | Entered Materials 310 | -10/Materials | Build established: Mutant 490 | -10/Materials | Discovered new exit (range 11) 710 | -10/Materials | Discovered new exit (range 13) 872 | -10/Materials | Entered Mines 934 | -10/Mines | Met a Derelict bent on vengeance 976 | -10/Mines | Discovered new exit (range 10) 1119 | -10/Mines | Entered Materials 1119 | -9/Materials | Evolved 2 slots: Utility x2 1274 | -9/Materials | Destroyed 10 combat bots 1278 | -9/Materials | Lost 5 parts (1p2n1u1w) 1584 | -9/Materials | Discovered new exit (range 10) 1783 | -9/Materials | Entered Storage 1830 | -9/Storage | Repaired Hrd. Light Armor Plating 1857 | -9/Storage | Repaired Lgt. Treads 1896 | -9/Storage | Repaired Imp. Heat Sink 2349 | -9/Storage | Assisted by bots powering up and referring to "LRC-V3" 2511 | -9/Storage | Garrison activated, responded to threat 2517 | -9/Storage | Core integrity fell below 50% 2540 | -9/Storage | Identified exit to Garrison 2571 | -9/Storage | Entered Garrison 2571 | -9/Garrison | Accompanied by 6 allies 2632 | -9/Garrison | Triggered checkpoint 2649 | -9/Garrison | Build established: Commander-Mutant 2664 | -9/Garrison | Triggered checkpoint 2672 | -9/Garrison | Phase Generator disabled 2738 | -9/Garrison | Discovered new exit (range 10) 2886 | -9/Garrison | Discovered new exit (range 6) 2948 | -9/Garrison | Triggered checkpoint 3010 | -9/Garrison | Discovered new exit (range 12) 3039 | -9/Garrison | Installed Relay Interface Framework 3096 | -9/Garrison | Triggered checkpoint 3134 | -9/Garrison | Garrison Relay disabled 3197 | -9/Garrison | Build established: Scavenger-Mutant 3322 | -9/Garrison | Triggered checkpoint 3362 | -9/Garrison | Garrison Relay disabled 3500 | -9/Garrison | Entered Recycling 3500 | -9/Recycling | Accompanied by 1 ally 3514 | -9/Recycling | Spotter reported a threat 3538 | -9/Recycling | Spotter reported a threat 3548 | -9/Recycling | Spotter reported a threat 3559 | -9/Recycling | Spotter reported a threat 3567 | -9/Recycling | Spotter reported a threat 3611 | -9/Recycling | Spotter reported a threat 3619 | -9/Recycling | Spotter reported a threat 3629 | -9/Recycling | Spotter reported a threat 3632 | -9/Recycling | Spotter reported a threat 3653 | -9/Recycling | Spotter reported a threat 3661 | -9/Recycling | Spotter reported a threat 3665 | -9/Recycling | Spotter reported a threat 3673 | -9/Recycling | Spotter reported a threat 3680 | -9/Recycling | Build established: Bothacker-Mutant 3682 | -9/Recycling | Spotter reported a threat 3685 | -9/Recycling | Spotter reported a threat 3691 | -9/Recycling | Spotter reported a threat 3706 | -9/Recycling | Spotter reported a threat 3714 | -9/Recycling | Spotter reported a threat 3718 | -9/Recycling | Spotter reported a threat 3726 | -9/Recycling | Spotter reported a threat 3744 | -9/Recycling | Spotter reported a threat 3771 | -9/Recycling | Spotter reported a threat 3779 | -9/Recycling | Spotter reported a threat 3786 | -9/Recycling | Spotter reported a threat 3788 | -9/Recycling | Spotter reported a threat 3800 | -9/Recycling | Spotter reported a threat 3820 | -9/Recycling | Spotter reported a threat 3841 | -9/Recycling | Spotter reported a threat 3844 | -9/Recycling | Discovered new exit (range 16) 3853 | -9/Recycling | Spotter reported a threat 3858 | -9/Recycling | Spotter reported a threat 3873 | -9/Recycling | Spotter reported a threat 3877 | -9/Recycling | Spotter reported a threat 3878 | -9/Recycling | Spotter reported a threat 3893 | -9/Recycling | Spotter reported a threat 3895 | -9/Recycling | Spotter reported a threat 3906 | -9/Recycling | Spotter reported a threat 3911 | -9/Recycling | Spotter reported a threat 3926 | -9/Recycling | Spotter reported a threat 3931 | -9/Recycling | Spotter reported a threat 3946 | -9/Recycling | Spotter reported a threat 3948 | -9/Recycling | Spotter reported a threat 3959 | -9/Recycling | Spotter reported a threat 3961 | -9/Recycling | Spotter reported a threat 3979 | -9/Recycling | Spotter reported a threat 3999 | -9/Recycling | Entered Factory 3999 | -7/Factory | Accompanied by 8 allies 3999 | -7/Factory | Evolved 4 slots: Utility x4 4217 | -7/Factory | Build established: Commander-Mutant 4399 | -7/Factory | First assault squad dispatched 4672 | -7/Factory | Lost 5 parts (1p1n1u2w) 4735 | -7/Factory | Build established: Bothacker-Mutant 4783 | -7/Factory | Discovered new exit (range 4) 4863 | -7/Factory | Lost 4 parts (4u) 5148 | -7/Factory | Repaired Lgt. EM Pulse Cannon 5406 | -7/Factory | Build established: Scavenger-Mutant 5601 | -7/Factory | Local fabrication network quarantined 5644 | -7/Factory | Fabricated B-48 Gladiator? 5781 | -7/Factory | Sucked down chute 5781 | -7/Factory | Entered Waste 5782 | -7/Waste | Met a frightened Derelict 5800 | -7/Waste | Spotted C-40 Crusher 5824 | -7/Waste | Allies destroyed C-40 Crusher 5825 | -7/Waste | 3 allies followed down the chute 5848 | -7/Waste | Spotted C-40 Crusher 5874 | -7/Waste | Destroyed C-40 Crusher 5888 | -7/Waste | Spotted C-40 Crusher 5893 | -7/Waste | Spotted C-40 Crusher 5901 | -7/Waste | Spotted C-40 Crusher 5912 | -7/Waste | Crushed by Compactor (1 part destroyed, 1 dropped) 6038 | -7/Waste | Destroyed C-40 Crusher 6096 | -7/Waste | Destroyed C-40 Crusher 6143 | -7/Waste | Destroyed C-40 Crusher 6161 | -7/Waste | Found Damper Plating 6164 | -7/Waste | Found Damper Plating 6212 | -7/Waste | Spotted C-40 Crusher 6449 | -7/Waste | Destroyed C-40 Crusher 6515 | -7/Waste | Discovered new exit (range 16) 6709 | -7/Waste | Warlord forces began an assault 6994 | -7/Waste | Entered Factory 6994 | -7/Factory | Accompanied by 16 allies 7075 | -7/Factory | Identified exit to Garrison 7138 | -7/Factory | Build established: Bothacker-Mutant 8060 | -7/Factory | Destroyed 7 combat bots 8101 | -7/Factory | Identified exit to Garrison 8101 | -7/Factory | Entered Garrison 8109 | -7/Garrison | Expanded RIF knowledge: Program Shield 8284 | -7/Garrison | Triggered checkpoint 8297 | -7/Garrison | Garrison Relay disabled 8393 | -7/Garrison | Triggered checkpoint 8402 | -7/Garrison | Triggered checkpoint 8522 | -7/Garrison | Discovered new exit (range 8) 8535 | -7/Garrison | Entered Factory 8535 | -6/Factory | Evolved 2 slots: Utility x2 8755 | -6/Factory | Allied Derelicts emerged from ambush trap array 8842 | -6/Factory | Build established: Scavenger-Mutant 8850 | -6/Factory | Discovered new exit (range 4) 9123 | -6/Factory | Identified exit to Garrison 9124 | -6/Factory | Entered Garrison 9124 | -6/Garrison | Accompanied by 2 allies 9176 | -6/Garrison | Triggered checkpoint 9245 | -6/Garrison | Found Hvy. Reactive Plating 9270 | -6/Garrison | Triggered checkpoint 9279 | -6/Garrison | Discovered new exit (range 14) 9490 | -6/Garrison | Triggered checkpoint 9496 | -6/Garrison | Triggered checkpoint 9692 | -6/Garrison | Phase Generator disabled 9710 | -6/Garrison | Discovered new exit (range 12) 9890 | -6/Garrison | Garrison Relay disabled 9952 | -6/Garrison | Triggered checkpoint 10117 | -6/Garrison | Discovered new exit (range 10) 10152 | -6/Garrison | Expanded RIF knowledge: Structural Interface 10179 | -6/Garrison | Entered Factory 10179 | -6/Factory | Accompanied by 5 allies 10194 | -6/Factory | Build established: Bothacker-Mutant 10320 | -6/Factory | Repaired Rocket Launcher 10554 | -6/Factory | Found Prototype Launcher 10554 | -6/Factory | Identified Scatter Rocket Array 10579 | -6/Factory | Found Scatter Rocket Array 10718 | -6/Factory | Fabricated Remote Datajack? 10879 | -6/Factory | First assault squad dispatched 10974 | -6/Factory | Identified exit to Garrison 10974 | -6/Factory | Entered Garrison 11033 | -6/Garrison | Triggered checkpoint 11044 | -6/Garrison | Triggered checkpoint 11094 | -6/Garrison | Destroyed 7 combat bots 11167 | -6/Garrison | Discovered new exit (range 12) 11328 | -6/Garrison | Discovered new exit (range 8) 11347 | -6/Garrison | Expanded RIF knowledge: Patrol Navigation 11367 | -6/Garrison | Entered Factory 11367 | -5/Factory | Evolved 2 slots: Power x1, Utility x1 12251 | -5/Factory | Sucked down chute 12251 | -5/Factory | Entered Waste 12266 | -5/Waste | EMP discharged 12266 | -5/Waste | System corruption reached 10% 12270 | -5/Waste | Spotted C-40 Crusher 12286 | -5/Waste | Destroyed C-40 Crusher 12302 | -5/Waste | Found Damper Plating 12336 | -5/Waste | Spotted C-40 Crusher 12336 | -5/Waste | Spotted C-40 Crusher 12362 | -5/Waste | Destroyed C-40 Crusher 12366 | -5/Waste | EMP discharged 12368 | -5/Waste | Destroyed C-40 Crusher 12379 | -5/Waste | Spotted C-40 Crusher 12385 | -5/Waste | Destroyed C-40 Crusher 12390 | -5/Waste | Spotted C-40 Crusher 12395 | -5/Waste | Destroyed C-40 Crusher 12403 | -5/Waste | Spotted C-40 Crusher 12414 | -5/Waste | Destroyed C-40 Crusher 12433 | -5/Waste | Found Damper Plating 12466 | -5/Waste | EMP discharged 12566 | -5/Waste | EMP discharged 12579 | -5/Waste | Discovered new exit (range 16) 12666 | -5/Waste | EMP discharged 12689 | -5/Waste | Entered Factory 12978 | -5/Factory | Discovered new exit (range 6) 13163 | -5/Factory | Identified exit to Garrison 13163 | -5/Factory | Entered Garrison 13908 | -5/Garrison | Spotted B-75 Beast 13960 | -5/Garrison | Destroyed B-75 Beast 13963 | -5/Garrison | Triggered checkpoint 14030 | -5/Garrison | Triggered checkpoint 14091 | -5/Garrison | Discovered new exit (range 10) 14239 | -5/Garrison | Discovered new exit (range 13) 14360 | -5/Garrison | Triggered checkpoint 14472 | -5/Garrison | Discovered new exit (range 10) 14495 | -5/Garrison | Expanded RIF knowledge: Alert ID Control 14708 | -5/Garrison | Triggered checkpoint 14792 | -5/Garrison | Garrison Relay disabled 14917 | -5/Garrison | Triggered checkpoint 14941 | -5/Garrison | Garrison Relay disabled 15104 | -5/Garrison | Build established: Botlord-Mutant 15111 | -5/Garrison | Triggered checkpoint 15278 | -5/Garrison | Entered Factory 15278 | -5/Factory | Accompanied by 1 ally 15687 | -5/Factory | Destroyed 12 combat bots 16065 | -5/Factory | Identified exit to Upper Caves 16065 | -5/Factory | Identified exit to Extension 16148 | -5/Factory | Garrison activated, responded to threat 16178 | -5/Factory | First assault squad dispatched 16422 | -5/Factory | Destroyed 8 combat bots 16586 | -5/Factory | Entered Extension 16663 | -5/Extension | Rescued a captive Derelict 16664 | -5/Extension | Rescued a captive Derelict 16737 | -5/Extension | Rescued a captive Derelict 16820 | -5/Extension | Rescued a captive Derelict 16856 | -5/Extension | Rescued a captive Derelict 16858 | -5/Extension | Rescued a captive Derelict 16916 | -5/Extension | Rescued a captive Derelict 16917 | -5/Extension | Rescued a captive Derelict 16987 | -5/Extension | Rescued a captive Derelict 17005 | -5/Extension | Door terminal overloaded 17005 | -5/Extension | Rescued a captive Derelict 17304 | -5/Extension | Rescued a captive Derelict 17305 | -5/Extension | Rescued a captive Derelict 17525 | -5/Extension | Spotted B-75 Beast 17541 | -5/Extension | Allies destroyed B-75 Beast 17545 | -5/Extension | Spotted B-75 Beast 17565 | -5/Extension | Allies destroyed B-75 Beast 17581 | -5/Extension | Discovered new exit (range 5) 17632 | -5/Extension | Door terminal overloaded 17633 | -5/Extension | Rescued a captive Derelict 17928 | -5/Extension | Rescued a captive Derelict 17929 | -5/Extension | Rescued a captive Derelict 18042 | -5/Extension | Rescued a captive Derelict 18043 | -5/Extension | Rescued a captive Derelict 18086 | -5/Extension | First assault squad dispatched 18103 | -5/Extension | Rescued A7 18149 | -5/Extension | Door terminal overloaded 18149 | -5/Extension | Rescued a captive Derelict 18149 | -5/Extension | Rescued a captive Derelict 18208 | -5/Extension | Discovered new exit (range 10) 18210 | -5/Extension | Discovered new exit (range 6) 18211 | -5/Extension | Disrupted transfer network 18246 | -5/Extension | Entered Cetus 18246 | -5/Cetus | Accompanied by 9 allies 18251 | -5/Cetus | Acquired a Cetus Manufacturing Module code from A7 18271 | -5/Cetus | Spotted Cetus Guard 18271 | -5/Cetus | Spotted Cetus Guard 18274 | -5/Cetus | Destroyed Cetus Guard 18274 | -5/Cetus | Spotted Cetus Guard 18277 | -5/Cetus | Spotted Cetus Guard 18278 | -5/Cetus | Destroyed Cetus Guard 18281 | -5/Cetus | Destroyed Cetus Guard 18282 | -5/Cetus | Destroyed Cetus Guard 18320 | -5/Cetus | Destroyed 9 combat bots 18390 | -5/Cetus | Started Cetus Manufacturing Module 18415 | -5/Cetus | Manufactured an Enhanced Grunt 18440 | -5/Cetus | Manufactured an Enhanced Grunt 18465 | -5/Cetus | Manufactured an Enhanced Grunt 18466 | -5/Cetus | Escorted A7 to Cetus Mainframe 18490 | -5/Cetus | Manufactured an Enhanced Grunt 18503 | -5/Cetus | Found a strange terminal 18515 | -5/Cetus | Manufactured an Enhanced Grunt 18544 | -5/Cetus | Discovered new exit (range 16) 18596 | -5/Cetus | Spotted Cetus Guard 18596 | -5/Cetus | Spotted Cetus Guard 18600 | -5/Cetus | Allies destroyed Cetus Guard 18600 | -5/Cetus | Spotted Cetus Guard 18602 | -5/Cetus | Destroyed Cetus Guard 18603 | -5/Cetus | Destroyed Cetus Guard 18604 | -5/Cetus | Destroyed Cetus Guard 18616 | -5/Cetus | Discovered new exit (range 15) 18624 | -5/Cetus | Met Revision 17 18690 | -5/Cetus | Entered Archives 18690 | -5/Archives | Accompanied by 6 allies 18695 | -5/Archives | Received a hacking code to weaken MAIN.C 18747 | -5/Archives | Discovered new exit (range 15) 18833 | -5/Archives | Discovered new exit (range 16) 20344 | -5/Archives | Entered Hub_04(d) 20344 | -5/Hub_04(d) | Accompanied by 5 allies 20358 | -5/Hub_04(d) | Identified exit to Factory 20395 | -5/Hub_04(d) | Identified exit to Garrison 21092 | -5/Hub_04(d) | Network Hub disabled 21166 | -5/Hub_04(d) | Spotted Lightning 21166 | -5/Hub_04(d) | Spotted Lightning 21166 | -5/Hub_04(d) | Spotted Lightning 21185 | -5/Hub_04(d) | Spotted Lightning 21198 | -5/Hub_04(d) | Spotted Lightning 21232 | -5/Hub_04(d) | Spotted Lightning 21239 | -5/Hub_04(d) | Destroyed Lightning 21254 | -5/Hub_04(d) | Destroyed Lightning 21259 | -5/Hub_04(d) | Destroyed Lightning 21271 | -5/Hub_04(d) | Destroyed Lightning 21277 | -5/Hub_04(d) | Destroyed Lightning 21280 | -5/Hub_04(d) | Destroyed Lightning 21292 | -5/Hub_04(d) | Found Prototype Device 21292 | -5/Hub_04(d) | Identified EM Dispersion Field 21297 | -5/Hub_04(d) | Found Prototype Processor 21297 | -5/Hub_04(d) | Identified Exp. Targeting Computer 21304 | -5/Hub_04(d) | Found Prototype Device 21304 | -5/Hub_04(d) | Identified Exp. Phase Shifter 21313 | -5/Hub_04(d) | Found Exp. Targeting Computer 21325 | -5/Hub_04(d) | Found Prototype Energy Cannon 21341 | -5/Hub_04(d) | Found Prototype Energy Cannon 21360 | -5/Hub_04(d) | Found Prototype Energy Cannon 21360 | -5/Hub_04(d) | Identified EMDS (x3) 21512 | -5/Hub_04(d) | Network Hub disabled 21625 | -5/Hub_04(d) | Network Hub disabled 21638 | -5/Hub_04(d) | Spotted Lightning 21640 | -5/Hub_04(d) | Spotted Lightning 21643 | -5/Hub_04(d) | Spotted Lightning 21645 | -5/Hub_04(d) | Network Hub disabled 21645 | -5/Hub_04(d) | Spotted Lightning 21645 | -5/Hub_04(d) | Spotted Lightning 21680 | -5/Hub_04(d) | Destroyed Lightning 21692 | -5/Hub_04(d) | Destroyed Lightning 21693 | -5/Hub_04(d) | Spotted Lightning 21705 | -5/Hub_04(d) | Destroyed Lightning 21713 | -5/Hub_04(d) | Destroyed Lightning 21716 | -5/Hub_04(d) | Destroyed Lightning 21719 | -5/Hub_04(d) | Destroyed Lightning 21762 | -5/Hub_04(d) | Found Exp. Targeting Computer 21770 | -5/Hub_04(d) | Destroyed 10 combat bots 21844 | -5/Hub_04(d) | First assault squad dispatched 21854 | -5/Hub_04(d) | Found EMDS 21919 | -5/Hub_04(d) | Entered Garrison 21996 | -5/Garrison | Triggered checkpoint 22037 | -5/Garrison | Destroyed 8 combat bots 22140 | -5/Garrison | Garrison Relay disabled 22187 | -5/Garrison | Discovered exit to Factory (range 15) 22220 | -5/Garrison | Expanded RIF knowledge: Autooverride 22311 | -5/Garrison | Entered Factory 22311 | -4/Factory | Evolved 2 slots: Utility x2 22385 | -4/Factory | Discovered new exit (range 7) 22590 | -4/Factory | Found Quantum Capacitor 22828 | -4/Factory | Repaired Arm. Huge Wheel 22928 | -4/Factory | Fabricated M-13 Machinist? 23344 | -4/Factory | Sucked down chute 23344 | -4/Factory | Entered Waste 23377 | -4/Waste | Spotted C-40 Crusher 23379 | -4/Waste | Destroyed C-40 Crusher 23396 | -4/Waste | Spotted C-40 Crusher 23404 | -4/Waste | Destroyed C-40 Crusher 23416 | -4/Waste | Found Damper Plating 23423 | -4/Waste | Spotted C-40 Crusher 23425 | -4/Waste | Destroyed C-40 Crusher 23441 | -4/Waste | Spotted C-40 Crusher 23454 | -4/Waste | Destroyed C-40 Crusher 23464 | -4/Waste | Destroyed C-40 Crusher 23470 | -4/Waste | Found Damper Plating 23471 | -4/Waste | Spotted C-40 Crusher 23478 | -4/Waste | Destroyed C-40 Crusher 23556 | -4/Waste | Discovered new exit (range 14) 23820 | -4/Waste | Warlord forces began an assault 24048 | -4/Waste | Found Damper Plating 24135 | -4/Waste | Entered Factory 24135 | -4/Factory | Accompanied by 17 allies 24191 | -4/Factory | Identified exit to Upper Caves 24191 | -4/Factory | Central database locked down 24338 | -4/Factory | Garrison activated, responded to threat 24648 | -4/Factory | Discovered new exit (range 59) 24844 | -4/Factory | Spotted B-86 Titan 24995 | -4/Factory | Discovered new exit (range 15) 25551 | -4/Factory | Identified exit to Garrison 25551 | -4/Factory | Entered Garrison 25616 | -4/Garrison | Triggered checkpoint 25616 | -4/Garrison | Spotted B-86 Titan 25622 | -4/Garrison | Destroyed B-86 Titan 25782 | -4/Garrison | Discovered new exit (range 8) 25954 | -4/Garrison | Triggered checkpoint 26026 | -4/Garrison | Discovered new exit (range 8) 26049 | -4/Garrison | Expanded RIF knowledge: Coupler Efficiency 26210 | -4/Garrison | Garrison Relay disabled 26269 | -4/Garrison | Entered Research 26269 | -3/Research | Evolved 2 slots: Utility x2 26469 | -3/Research | Revision forces began assault on 0b10 26511 | -3/Research | Met up with Revision 17++ 26698 | -3/Research | Identified exit to Garrison 26945 | -3/Research | Found Prototype Launcher 26945 | -3/Research | Identified Adv. Micro-nuke Launcher 26969 | -3/Research | Research terminal network offline 27134 | -3/Research | Found Fusion Bomb Launcher 27142 | -3/Research | Discovered new exit (range 12) 27241 | -3/Research | Identified exit to Armory 27344 | -3/Research | Discovered new exit (range 15) 27371 | -3/Research | Identified exit to Testing 27397 | -3/Research | Entered Testing 27397 | -3/Testing | Accompanied by 2 allies 27445 | -3/Testing | Identified exit to Garrison 27480 | -3/Testing | Garrison activated, responded to threat 27619 | -3/Testing | Discovered new exit (range 16) 27647 | -3/Testing | First assault squad dispatched 27990 | -3/Testing | Found Exp. Target Analyzer 28018 | -3/Testing | Found Imp. Potential Cannon 28021 | -3/Testing | Found Imp. Potential Cannon 28350 | -3/Testing | Found Prototype Processor 28350 | -3/Testing | Identified Exp. Melee Analysis Suite 28463 | -3/Testing | Repaired Quantum Reactor 28741 | -3/Testing | Entered Garrison 28835 | -3/Garrison | Spotted B-86 Titan 28841 | -3/Garrison | Destroyed B-86 Titan 28850 | -3/Garrison | Triggered checkpoint 28928 | -3/Garrison | Triggered checkpoint 28940 | -3/Garrison | Destroyed 10 combat bots 28991 | -3/Garrison | Discovered new exit (range 15) 29179 | -3/Garrison | Discovered new exit (range 8) 29226 | -3/Garrison | Garrison Relay disabled 29339 | -3/Garrison | Triggered checkpoint 29422 | -3/Garrison | Discovered new exit (range 12) 29452 | -3/Garrison | Expanded RIF knowledge: Autooverride 29492 | -3/Garrison | Triggered checkpoint 29560 | -3/Garrison | Garrison Relay disabled 29644 | -3/Garrison | Entered Research 29644 | -2/Research | Evolved 2 slots: Utility x2 29894 | -2/Research | First assault squad dispatched 30006 | -2/Research | Spotted B-90 Cyclops 30037 | -2/Research | Destroyed 17 combat bots 30162 | -2/Research | Destroyed B-90 Cyclops 30470 | -2/Research | Discovered new exit (range 10) 30607 | -2/Research | Discovered new exit (range 3) 31072 | -2/Research | Spotted B-90 Cyclops 31148 | -2/Research | Destroyed 9 combat bots 31368 | -2/Research | Destroyed B-90 Cyclops 31417 | -2/Research | Identified exit to Quarantine 31487 | -2/Research | Lost 4 parts (2p2u) 31499 | -2/Research | Destroyed 11 combat bots 31543 | -2/Research | Discovered new exit (range 16) 31577 | -2/Research | Found Exp. Hacking Suite 31645 | -2/Research | Spotted B-90 Cyclops 31718 | -2/Research | Destroyed 11 combat bots 31735 | -2/Research | Destroyed B-90 Cyclops 31751 | -2/Research | Found Quantum Capacitor 31825 | -2/Research | Entered Quarantine 31913 | -2/Quarantine | Found Hpw. Transdimensional Reconstructor 31935 | -2/Quarantine | Scanned by Researcher 31954 | -2/Quarantine | Found Dimensional Node Initializer 31964 | -2/Quarantine | Found Hpw. Transdimensional Reconstructor 31966 | -2/Quarantine | Found Transdimensional Reconstructor 31969 | -2/Quarantine | Found Hpw. Transdimensional Reconstructor 32075 | -2/Quarantine | First assault squad dispatched 32246 | -2/Quarantine | Found Subatomic Replicator 32645 | -2/Quarantine | Found Core Cannon 32648 | -2/Quarantine | System corruption reached 10% 32676 | -2/Quarantine | Found Core Stripper 32901 | -2/Quarantine | Spotted Fortress 32948 | -2/Quarantine | Destroyed Fortress 32953 | -2/Quarantine | Found Centrium Heavy Armor Plating 32963 | -2/Quarantine | Found Prototype Device 32963 | -2/Quarantine | Identified Thermal Barrier 32973 | -2/Quarantine | Lost 5 parts (1n4u) 32974 | -2/Quarantine | Found Prototype Reactor 32974 | -2/Quarantine | Identified Vortex Chain Reactor 32978 | -2/Quarantine | Found Vortex Chain Reactor 32981 | -2/Quarantine | Found EM Dispersion Field 32993 | -2/Quarantine | Found Prototype Device 32993 | -2/Quarantine | Identified Exp. Force Field 33151 | -2/Quarantine | Discovered new exit (range 5) 33159 | -2/Quarantine | Entered Section 7 33469 | -2/Section 7 | Used Subatomic Replicator to replicate Integrity Redistributor 33472 | -2/Section 7 | Found Integrity Redistributor 33593 | -2/Section 7 | Found Integrated Dissipator 33593 | -2/Section 7 | Installed Integrated Dissipator, increased core heat dissipation (+2%) 33612 | -2/Section 7 | Discovered new exit (range 16) 33687 | -2/Section 7 | Identified exit to Garrison 33731 | -2/Section 7 | Garrison activated, responded to threat 33841 | -2/Section 7 | Initialized slip node 33943 | -2/Section 7 | First assault squad dispatched 33960 | -2/Section 7 | Used Integrity Redistributor, redistributed integrity from core (-410) 33961 | -2/Section 7 | Core integrity fell below 50% 34028 | -2/Section 7 | Destroyed 9 combat bots 34032 | -2/Section 7 | Spotted B-90 Cyclops 34236 | -2/Section 7 | Spotted S7 Guard 34251 | -2/Section 7 | Destroyed S7 Guard 34272 | -2/Section 7 | Found Core Membrane 34272 | -2/Section 7 | Installed Core Membrane, gained immunity to corruption 34298 | -2/Section 7 | Spotted B-90 Cyclops 34780 | -2/Section 7 | Destroyed B-90 Cyclops 34996 | -2/Section 7 | Found Integrated Reactor 34996 | -2/Section 7 | Installed Integrated Reactor, increased core energy generation (+2%) 35335 | -2/Section 7 | Spotted S7 Guard 35353 | -2/Section 7 | Destroyed S7 Guard 35355 | -2/Section 7 | Spotted Alpha 7 35365 | -2/Section 7 | Found Prototype Protection 35365 | -2/Section 7 | Identified Hvy. Regenerative Plating 35378 | -2/Section 7 | Found Core Regenerator 35516 | -2/Section 7 | Spotted Executioner 35516 | -2/Section 7 | Spotted Executioner 35567 | -2/Section 7 | Found Prototype Device 35567 | -2/Section 7 | Identified Adv. Kinecellerator 35584 | -2/Section 7 | Destroyed Executioner 35595 | -2/Section 7 | Destroyed Executioner 35831 | -2/Section 7 | Spotted B-99 Colossus 35900 | -2/Section 7 | Found Integrated Dissipator 35900 | -2/Section 7 | Installed Integrated Dissipator, increased core heat dissipation (+2%) 35976 | -2/Section 7 | Found LRC Energy Well 35976 | -2/Section 7 | Installed LRC Energy Well, increased energy storage capacity (+250) 36052 | -2/Section 7 | Found Integrated Dissipator 36052 | -2/Section 7 | Installed Integrated Dissipator, increased core heat dissipation (+2%) 36060 | -2/Section 7 | Warped through subspace to slip node 36121 | -2/Section 7 | Entered Garrison 36241 | -2/Garrison | Spotted B-90 Cyclops 36287 | -2/Garrison | Destroyed B-90 Cyclops 36294 | -2/Garrison | Triggered checkpoint 36300 | -2/Garrison | Triggered checkpoint 36324 | -2/Garrison | Triggered checkpoint 36336 | -2/Garrison | Destroyed 9 combat bots 36415 | -2/Garrison | Discovered new exit (range 7) 36438 | -2/Garrison | Expanded RIF knowledge: Crosswire 36483 | -2/Garrison | Triggered checkpoint 36523 | -2/Garrison | Garrison Relay disabled 36694 | -2/Garrison | Triggered checkpoint 36746 | -2/Garrison | Garrison Relay disabled 36855 | -2/Garrison | Discovered new exit (range 10) 37002 | -2/Garrison | Triggered checkpoint 37037 | -2/Garrison | Garrison Relay disabled 37098 | -2/Garrison | Discovered new exit (range 10) 37116 | -2/Garrison | Entered Access 37116 | -1/Access | Evolved 2 slots: Power x1, Propulsion x1 37212 | -1/Access | Spotted B-99 Colossus 37366 | -1/Access | First assault squad dispatched 37369 | -1/Access | Garrison activated, responded to threat 37524 | -1/Access | Destroyed 8 combat bots 37835 | -1/Access | Destroyed 9 combat bots 37885 | -1/Access | Repaired Quantum Capacitor 37925 | -1/Access | Repaired Exp. Weapon Shielding 38169 | -1/Access | Destroyed 7 combat bots 38386 | -1/Access | Garrison activated, responded to threat 38454 | -1/Access | Destroyed 10 combat bots 38505 | -1/Access | Identified exit to Command 38652 | -1/Access | Entered Command 38894 | -1/Command | Found EM Dispersion Field 38899 | -1/Command | Found EM Dispersion Field 38956 | -1/Command | Destroyed M Guard 38961 | -1/Command | Spotted Combat Programmer 38966 | -1/Command | Spotted Combat Programmer 38979 | -1/Command | Destroyed M Guard 38998 | -1/Command | Lost 3 parts (1p1n1u) 39002 | -1/Command | Destroyed Combat Programmer 39017 | -1/Command | Destroyed Combat Programmer 39017 | -1/Command | Destroyed all MAIN.C guards 39031 | -1/Command | Found EMDS 39037 | -1/Command | Found Prototype Special Weapon 39037 | -1/Command | Identified Exp. Remote Datajack 39045 | -1/Command | Found Exp. Focal Shield 39054 | -1/Command | Found EMDS 39098 | -1/Command | Found Prototype Device 39098 | -1/Command | Identified AEGIS Remote Shield 39116 | -1/Command | Found Prototype Reactor 39120 | -1/Command | Found Hvy. Regenerative Plating 39209 | -1/Command | Found Exp. Remote Datajack 39417 | -1/Command | Identified Zero-point Reactor 39445 | -1/Command | First assault squad dispatched 41358 | -1/Command | Found Prototype Launcher 41426 | -1/Command | Identified Ragnarok Missile Launcher 41434 | -1/Command | Met MAIN.C 41434 | -1/Command | Hacked MAIN.C using A7's code 41442 | -1/Command | 0b10 Conduit disabled 41444 | -1/Command | Destroyed MAIN.C Shell 41446 | -1/Command | MAIN.C activated Command garrisons 41474 | -1/Command | Allies destroyed MAIN.C 41537 | -1/Command | Found Prototype Protection 41538 | -1/Command | Identified Exp. Powered Armor 41553 | -1/Command | Spotted B-99 Colossus 41560 | -1/Command | Allies destroyed B-99 Colossus 41582 | -1/Command | Spotted B-99 Colossus 41588 | -1/Command | Destroyed B-99 Colossus 41730 | -1/Command | Build established: Generator-Mutant 44027 | -1/Command | Discovered new exit (range 10) 44762 | -1/Command | Found Unknown Device 44762 | -1/Command | Identified Launcher Loader 45899 | -1/Command | Discovered new exit (range 9) 45901 | -1/Command | Found Prototype Processor 45901 | -1/Command | Identified Exp. Core Analyzer 45938 | -1/Command | Warped through subspace to slip node 45938 | -1/Command | Discovered new exit (range 4) 45945 | -1/Command | Entered Access_0 45947 | -1/Access_0 | Met Architect 45986 | -1/Access_0 | Destroyed A8 45993 | -1/Access_0 | Architect warped through subspace 46003 | -1/Access_0 | Lost 4 parts (2p1u1w) 46065 | -1/Access_0 | Architect warped through subspace 46078 | -1/Access_0 | Found Exp. Thermal Shield 46092 | -1/Access_0 | Lost 5 parts (1p3u1w) 46111 | -1/Access_0 | Architect warped through subspace 46115 | -1/Access_0 | Used Core Regenerator, restored core integrity (+400) 46116 | -1/Access_0 | Used Integrity Redistributor, redistributed integrity from core (-223) 46153 | -1/Access_0 | Architect warped through subspace 46204 | -1/Access_0 | Architect warped through subspace 46215 | -1/Access_0 | Found Prototype Device 46215 | -1/Access_0 | Identified Desublimator 46220 | -1/Access_0 | Found Exp. Targeting Computer 46229 | -1/Access_0 | Found Exp. Phase Shifter 46237 | -1/Access_0 | Architect warped through subspace 46275 | -1/Access_0 | Architect warped through subspace 46292 | -1/Access_0 | Found Exp. Thermal Shield 46304 | -1/Access_0 | Architect warped through subspace 46319 | -1/Access_0 | Found Prototype Launcher 46319 | -1/Access_0 | Identified Tactical Quantum Warhead 46345 | -1/Access_0 | Build established: Scavenger-Mutant 46369 | -1/Access_0 | Architect warped through subspace 46380 | -1/Access_0 | A6 warped into view 46385 | -1/Access_0 | Destroyed A6 46398 | -1/Access_0 | Architect warped through subspace 46449 | -1/Access_0 | Architect warped through subspace 46470 | -1/Access_0 | Architect warped through subspace 46481 | -1/Access_0 | Core integrity fell below 50% 46498 | -1/Access_0 | Architect warped through subspace 46535 | -1/Access_0 | Architect warped through subspace 46558 | -1/Access_0 | Architect warped through subspace 46584 | -1/Access_0 | Architect warped through subspace 46623 | -1/Access_0 | Architect warped through subspace 46631 | -1/Access_0 | Found Exp. Targeting Computer 46645 | -1/Access_0 | A5 warped into view 46651 | -1/Access_0 | Architect warped through subspace 46660 | -1/Access_0 | Destroyed A5 46688 | -1/Access_0 | Architect warped through subspace 46699 | -1/Access_0 | Found Exp. Thermal Shield 46705 | -1/Access_0 | Subspace Access Node disabled 46724 | -1/Access_0 | Architect warped through subspace 46749 | -1/Access_0 | Architect warped through subspace 46774 | -1/Access_0 | Architect warped through subspace 46831 | -1/Access_0 | Architect warped through subspace 46859 | -1/Access_0 | Architect warped through subspace 46881 | -1/Access_0 | Architect warped through subspace 46893 | -1/Access_0 | Subspace Access Node disabled 46911 | -1/Access_0 | Lost 3 parts (1p2n) 46912 | -1/Access_0 | Architect warped through subspace 46935 | -1/Access_0 | Architect warped through subspace 46968 | -1/Access_0 | Architect warped through subspace 46981 | -1/Access_0 | Found Exp. Powered Armor 46992 | -1/Access_0 | Architect warped through subspace 47013 | -1/Access_0 | Architect warped through subspace 47038 | -1/Access_0 | Architect warped through subspace 47074 | -1/Access_0 | Core integrity fell below 20% 47113 | -1/Access_0 | Architect warped through subspace 47122 | -1/Access_0 | Found Exp. Phase Shifter 47124 | -1/Access_0 | Lost 6 parts (1p1n2u2w) 47131 | -1/Access_0 | Subspace Access Node disabled 47144 | -1/Access_0 | Architect warped through subspace 47175 | -1/Access_0 | Warped through subspace to slip node 47175 | -1/Access_0 | Discovered new exit (range 8) 47188 | *** | Establishing 0b11! Last Messages --------------- 47112_ Architect knocked back. 47112_ Penetrated by Quantum Shear. Architect warps through subspace. 47114_ Acquired Adv. Medium Treads. 47122_ Acquired Exp. Phase Shifter. 47124_ Acquired 83 matter. 47135_ Quantum Shear penetrates Wall. 47138_ Penetrated by Quantum Shear. 47138_ Critical hit. 47138_ Centrium Wheel destroyed. 47138_ Exp. Phase Shifter destroyed. 47140_ Quantum Shear penetrates Wall. 47140_ Quantum Shear penetrates Earth. 47141_ Architect knocked back. 47142_ Quantum Shear penetrates Earth. 47143_ Architect knocked back. Architect warps through subspace. 47159_ Penetrated by Quantum Shear. 47175_ Warped through subspace, drawn to slip node. 47175_ EXIT=FOUND Map ----- +----------------------------------------------------+ | | | | | | | | | | | | | | | | | | | | | | | | | | | | | | | | | ?????????????????????????????????????????????????? | | ?????????????????????????????????????????????????? | | ?????????????????????????????????????????????????? | | ?????????????????????????????????????????????????? | | ?????????????????????????????????????????????????? | | ?????????????????????????????????????????????????? | | ????????????????????????###??????????????????????? | | ???????????????????????## ##?????????????????????? | | ???????????????????????# #?????????????????????? | | ???????????????????????# @ #?????????????????????? | | ??????????????????????## #?????????????????????? | | ??????????????????????# #?????????????????????? | | ??????????????????????# ##?????????????????????? | | ??????????????????????## #?????????????????????? | | ??????????????????????# #?????????????????????? | | ??????????????????????# ##?????????????????????? | | ??????????????????????# < #?????????????????????? | | ??????????????????????# ##?????????????????????? | | ??????????????????????## #??????????????????????? | | ???????????????????????####??????????????????????? | | ?????????????????????????????????????????????????? | | ?????????????????????????????????????????????????? | | ?????????????????????????????????????????????????? | | ?????????????????????????????????????????????????? | | ?????????????????????????????????????????????????? | | ?????????????????????????????????????????????????? | | ?????????????????????????????????????????????????? | | ?????????????????????????????????????????????????? | | ?????????????????????????????????????????????????? | | ?????????????????????????????????????????????????? | | ?????????????????????????????????????????????????? | | ?????????????????????????????????????????????????? | | ?????????????????????????????????????????????????? | | ?????????????????????????????????????????????????? | +----------------------------------------------------+ Best States ------------- Heat Dissipation 188 Coolant Potential 120 Energy Generation 116 Energy Capacity 1965 Matter Stores 666 Matter Capacity 800 Sight Range 16 Robot Scan Range 16 Terrain Scan Density 10 Power Amplification 30 Armor Coverage 2850 Resistance: KI 40 Resistance: TH 50 Resistance: EM 90 Weapon Shielding 90 Weapon Cycling 25 Phase Shifting 20 Evasion (%) 60 Targeting Accuracy 36 Target Analysis 12 Core Analysis 15 Armor Integrity Analysis 66 Recoil Reduction 3 Matter Filtering 50 Energy Filtering 50 Particle Charging 20 Offensive Hacking 26 Item Schematics ----------------- Remote Datajack | -7/Factory | Hacked Quantum Capacitor | -4/Factory | Hacked Robot Schematics ------------------ M-13 Machinist | -10/Materials | Hacked Y-54 Guardian | -7/Factory | Hacked Fabricated ------------ B-48 Gladiator | x3 | -7/Factory | Preloaded Remote Datajack | x1 | -6/Factory M-13 Machinist | x1 | -4/Factory Alien Tech Used ----------------- Core Stripper Subatomic Replicator Integrated Dissipator Dimensional Node Initializer Integrity Redistributor Core Membrane Integrated Reactor LRC Energy Well High-powered Transdimensional Reconstructor Core Cannon Transdimensional Reconstructor Core Regenerator Achievements -------------- None Challenges ------------ None Game ------ Seed TrackerCryofiberWheel Manual? 0 Play Time 08:32:52 Cumulative 1185.7 hours Start 2020.04.16 @ 17:22:40 End 2020.04.17 @ 21:29:52 Sessions 9 Manual Loads 0 Difficulty Rogue Special Mode None Game No. 394 Rogue 394 Adventurer 0 Explorer 0 Win Type 1 Total 255 Types 214/7/14/4/3/2/11 Lore% 99 Gallery% 101 Achievement% 94 Wizard Run 0 Options --------- ASCII 0 Keyboard 0 Movement Numpad Keybinds 0 Fullscreen 1 Font 18/Terminus Map View 76x50 Tactical HUD 1 Map Filters NONE Filters NONE Steam 1 RUN: ef7c95ee-8115-4034-9ac9-fb7bd3d7ff6d